Workbook

Sheet Custo por trabalhador
A1: PLANILHA DE CUSTOS E FORMAÇÃO DE PREÇOS
A2: MODELO DE FORMAÇÃO DE CUSTO MENSAL PARA UM EMPREGADO
A3: * A planilha de custos e formação de preços é ferramenta de apoio à realização de estimativas da contratação e para a análise das propostas na fase de pregão e nas prorrogações contratuais. * O modelo disponibilizado na Instrução Normativa n° 5, de 26 de maio de 2017, é inspiracional, devendo ser adaptado pelo órgão ou entidade contratante às suas necessidades. * A presente proposta visa, tão somente, auxiliar aos órgão que não possuam um modelo definido na formatação dos cálculos de direitos trabalhistas para estimativas de contratos de prestação de serviços, observando as disposições da Consolidação das Leis do Trabalho - CLT e das Convenções Coletivas de Trabalho - CCT (sendo válidos, ainda, os acordos e dissídios coletivos). * É responsábilidade do usuário que optar pela utilização deste modelo a conferência das fórmulas automatizadas em conformidade com as dispoções de CLT e CCT, para minimizar o risco de equívocos no cômputo das previsões financeiras. * Dúvidas sobre a metodologia de cálculo poderão ser esclarecidas com a leitura dos Cadernos Técnicos de divulgação de valores limites em: https://www.comprasgovernamentais.gov.br/index.php/cadernos-tecnicos-e-valores-limites.
A5: MÓDULO 1 - REMUNERAÇÃO
A6: * A remuneração é definida no art. 457 da Consolidação das Leis do Trabalho. * É composta por Salário Base, Adicionais (noturno, de insalubridade ou periculosidade) e gratificações, quando houver.
A8: SALÁRIO BASE
A9: * O Salário Base vem definido na Convenção Coletiva de Trabalho da categoria profissional a ser contratada para o objeto da prestação de serviço. * O contratante deverá observar se a CCT abrange o município de prestação de serviço e se está vigente.
A11: SALÁRIO BASE | G11: Convenção Coletiva: | H11: PR000063/2026
A12: Cargo A - Serv. Gerais Higiene 40h | B12: =H12/44*40 -> 1727.2727 | C12: Mensal: | D12: 200 | G12: Piso Salarial - Serv. Gerais | H12: 1900
A13: Cargo B - Serv. Gerais Higiene 12x36 Diurno | B13: =H12 -> 1900 | G13: Piso Salarial - Serv. Copa, Cantina | H13: 1961
A14: Cargo C - Serv. Gerais Higiene 12x36 Noturno | B14: =H12 -> 1900 | G14: Piso Salarial - Supervisor | H14: 3023
A15: Cargo D - Copa/Cozinha 12x36 Diurno | B15: =H13 -> 1961
A16: Cargo E - Copa/Cozinha 12x36 Intermediário | B16: =H13 -> 1961
A17: Cargo F - Copa/Cozinha 12x36 Noturno | B17: =H13 -> 1961
A18: Cargo G - Copa/Cozinha 40h | B18: =H13 -> 1961
A19: Cargo H - Serv. Gerais Higiene + Copa 40h | B19: =H12/44*40 -> 1727.2727
A20: Cargo I - Supervisor UPA | B20: =H14 -> 3023
A21: Cargo J - Supervidor Demais Unidades | B21: =H14 -> 3023
A23: GRATIFICAÇÃO DE FUNÇÃO
A24: * Gratificação de função, quando houver, virá informada na Convenção Coletiva de Trabalho da categoria profissional a ser contratada. * O órgão contrantante deverá observar, além da existência de gratificação, se esta incidirá sobre os adicionais, devendo adaptar a planilha ao caso em concreto. * Para o presente modelo foi considerada gratificação como percentual sobre o salário base e sem incidência sobre os adicionais (noturno, periculosidade ou insalubridade).
A26: GRATIFICAÇÃO DE FUNÇÃO
A27: Categoria | B27: Base de cálculo | C27: Percentual | D27: Valor da Gratificação
A28: Cargo A - Serv. Gerais Higiene 40h | B28: =B12 -> 1727.2727 | C28: 0 | D28: =B28*C28 -> 0
A29: Cargo B - Serv. Gerais Higiene 12x36 Diurno | B29: =B13 -> 1900 | C29: 0 | D29: =B29*C29 -> 0
A30: Cargo C - Serv. Gerais Higiene 12x36 Noturno | B30: =B14 -> 1900 | C30: 0 | D30: =B30*C30 -> 0
A31: Cargo D - Copa/Cozinha 12x36 Diurno | B31: =B15 -> 1961 | C31: 0 | D31: =B31*C31 -> 0
A32: Cargo E - Copa/Cozinha 12x36 Intermediário | B32: =B16 -> 1961 | C32: 0 | D32: =B32*C32 -> 0
A33: Cargo F - Copa/Cozinha 12x36 Noturno | B33: =B17 -> 1961 | C33: 0 | D33: =B33*C33 -> 0
A34: Cargo G - Copa/Cozinha 40h | B34: =B18 -> 1961 | C34: 0 | D34: =B34*C34 -> 0
A35: Cargo H - Serv. Gerais Higiene + Copa 40h | B35: =B19 -> 1727.2727 | C35: =D35/B35 -> 0.075842105 | D35: 131
A36: Cargo I - Supervisor UPA | B36: =B20 -> 3023 | C36: 0 | D36: =B36*C36 -> 0
A37: Cargo J - Supervidor Demais Unidades | B37: =B21 -> 3023 | C37: 0 | D37: =B37*C37 -> 0
A39: ADICIONAIS (periculosidade ou insalubridade, se houver)
A40: * Os adicionais de periculosidade ou insalubridade, em conformidade com os art. 192 e 193 da CLT, dependem da natureza do serviço a ser prestado. * O órgão contrantante deverá observar, além da existência de previsão em CLT, se há informações na Convenção Coletiva de Trabalho acerca dos adicionais, bem como seu percentual e a base de cálculo, devendo adaptar a planilha ao caso em concreto.
A42: ADICIONAL DE INSALUBRIDADE
A43: Categoria | B43: Base de cálculo | C43: Percentual | D43: Valor | E43: Salário Minimo Nacional | G43: 1621
A44: Cargo A - Serv. Gerais Higiene 40h | B44: =$G$43 -> 1621 | C44: 0.2 | D44: =B44*C44 -> 324.2
A45: Cargo B - Serv. Gerais Higiene 12x36 Diurno | B45: =$G$43 -> 1621 | C45: =C44 -> 0.2 | D45: =B45*C45 -> 324.2
A46: Cargo C - Serv. Gerais Higiene 12x36 Noturno | B46: =$G$43 -> 1621 | C46: =C45 -> 0.2 | D46: =B46*C46 -> 324.2
A47: Cargo D - Copa/Cozinha 12x36 Diurno | B47: =$G$43 -> 1621 | C47: =C46 -> 0.2 | D47: =B47*C47 -> 324.2
A48: Cargo E - Copa/Cozinha 12x36 Intermediário | B48: =$G$43 -> 1621 | C48: =C47 -> 0.2 | D48: =B48*C48 -> 324.2
A49: Cargo F - Copa/Cozinha 12x36 Noturno | B49: =$G$43 -> 1621 | C49: =C48 -> 0.2 | D49: =B49*C49 -> 324.2
A50: Cargo G - Copa/Cozinha 40h | B50: =$G$43 -> 1621 | C50: =C49 -> 0.2 | D50: =B50*C50 -> 324.2
A51: Cargo H - Serv. Gerais Higiene + Copa 40h | B51: =$G$43 -> 1621 | C51: =C50 -> 0.2 | D51: =B51*C51 -> 324.2
A52: Cargo I - Supervisor UPA | B52: =$G$43 -> 1621 | C52: =C51 -> 0.2 | D52: =B52*C52 -> 324.2
A53: Cargo J - Supervidor Demais Unidades | B53: =$G$43 -> 1621 | C53: =C52 -> 0.2 | D53: =B53*C53 -> 324.2
A56: ADICIONAL NOTURNO
A57: * O Adicional Noturno e a Hora Noturna Reduzida, conforme art. 73 da CLT, serão pagos entre 22h e 5h do dia seguinte, sem prorrogação quando da jornada 12x36h. * O órgão contrantante deverá observar, além da existência do previsto em CLT, se há informações na Convenção Coletiva de Trabalho acerca da existência do percentual de adicional noturno, bem como se haverá pagamento de hora noturna reduzida e adaptar a planilha ao caso em concreto.
A59: ADICIONAL NOTURNO
A60: Categoria | B60: Base de Cálculo | C60: Proporção | D60: Percentual | E60: Valor
A61: Cargo A - Serv. Gerais Higiene 40h | B61: =B12+D44 -> 2051.4727 | C61: =0/12 -> 0 | D61: 0 | E61: =B61*C61*D61 -> 0
A62: Cargo B - Serv. Gerais Higiene 12x36 Diurno | B62: =B13+D45 -> 2224.2 | C62: =0/12 -> 0 | D62: 0 | E62: =B62*C62*D62 -> 0
A63: Cargo C - Serv. Gerais Higiene 12x36 Noturno | B63: =B14+D46 -> 2224.2 | C63: =7/12 -> 0.58333333 | D63: 0.2 | E63: =B63*C63*D63 -> 259.49
A64: Cargo D - Copa/Cozinha 12x36 Diurno | B64: =B15+D47 -> 2285.2 | C64: =0/12 -> 0 | D64: 0 | E64: =B64*C64*D64 -> 0
A65: Cargo E - Copa/Cozinha 12x36 Intermediário | B65: =B16+D48 -> 2285.2 | C65: =0/12 -> 0 | D65: 0.2 | E65: =B65*C65*D65 -> 0
A66: Cargo F - Copa/Cozinha 12x36 Noturno | B66: =B17+D49 -> 2285.2 | C66: =3/12 -> 0.25 | D66: 0.2 | E66: =B66*C66*D66 -> 114.26
A67: Cargo G - Copa/Cozinha 40h | B67: =B18+D50 -> 2285.2 | C67: =0/12 -> 0 | D67: 0 | E67: =B67*C67*D67 -> 0
A68: Cargo H - Serv. Gerais Higiene + Copa 40h | B68: =B19+D51 -> 2051.4727 | C68: =0/12 -> 0 | D68: 0 | E68: =B68*C68*D68 -> 0
A69: Cargo I - Supervisor UPA | B69: =B20+D52 -> 3347.2 | C69: =0/12 -> 0 | D69: 0 | E69: =B69*C69*D69 -> 0
A70: Cargo J - Supervidor Demais Unidades | B70: =B21+D53 -> 3347.2 | C70: =0/12 -> 0 | D70: 0 | E70: =B70*C70*D70 -> 0
A73: HORA NOTURNA REDUZIDA
A74: Categoria | B74: Base de Cálculo | C74: Proporção | D74: Percentual | E74: Valor
A75: Cargo A - Serv. Gerais Higiene 40h | B75: =B12+D44 -> 2051.4727 | C75: =0/12 -> 0 | D75: =1+D61 -> 1 | E75: =B75*C75*D75 -> 0
A76: Cargo B - Serv. Gerais Higiene 12x36 Diurno | B76: =B13+D45 -> 2224.2 | C76: =0/12 -> 0 | D76: =1+D62 -> 1 | E76: =B76*C76*D76 -> 0
A77: Cargo C - Serv. Gerais Higiene 12x36 Noturno | B77: =B14+D46 -> 2224.2 | C77: =1/12 -> 0.083333333 | D77: =1+D63 -> 1.2 | E77: =B77*C77*D77 -> 222.42
A78: Cargo D - Copa/Cozinha 12x36 Diurno | B78: =B15+D47 -> 2285.2 | C78: =0/12 -> 0 | D78: =1+D64 -> 1 | E78: =B78*C78*D78 -> 0
A79: Cargo E - Copa/Cozinha 12x36 Intermediário | B79: =B16+D48 -> 2285.2 | C79: =0/12 -> 0 | D79: =1+D65 -> 1.2 | E79: =B79*C79*D79 -> 0
A80: Cargo F - Copa/Cozinha 12x36 Noturno | B80: =B17+D49 -> 2285.2 | C80: =I80/12 -> 0.035714286 | D80: =1+D66 -> 1.2 | E80: =B80*C80*D80 -> 97.937143 | G80: 3h- relógio de noturno | H80: =3/0.875 -> 3.4285714 | I80: =H80-3 -> 0.42857143
A81: Cargo G - Copa/Cozinha 40h | B81: =B18+D50 -> 2285.2 | C81: =0/12 -> 0 | D81: =1+D67 -> 1 | E81: =B81*C81*D81 -> 0
A82: Cargo H - Serv. Gerais Higiene + Copa 40h | B82: =B19+D51 -> 2051.4727 | C82: =0/12 -> 0 | D82: =1+D68 -> 1 | E82: =B82*C82*D82 -> 0
A83: Cargo I - Supervisor UPA | B83: =B20+D52 -> 3347.2 | C83: =0/12 -> 0 | D83: =1+D69 -> 1 | E83: =B83*C83*D83 -> 0
A84: Cargo J - Supervidor Demais Unidades | B84: =B21+D53 -> 3347.2 | C84: =0/12 -> 0 | D84: =1+D70 -> 1 | E84: =B84*C84*D84 -> 0
A86: ADICIONAL POR TRABALHO NOTURNO
A87: Categoria | B87: Adicional Noturno | C87: Hora Noturna Reduzida | D87: Valor
A88: Cargo A - Serv. Gerais Higiene 40h | B88: =E61 -> 0 | C88: =E75 -> 0 | D88: =SUM(B88:C88) -> 0
A89: Cargo B - Serv. Gerais Higiene 12x36 Diurno | B89: =E62 -> 0 | C89: =E76 -> 0 | D89: =SUM(B89:C89) -> 0
A90: Cargo C - Serv. Gerais Higiene 12x36 Noturno | B90: =E63 -> 259.49 | C90: =E77 -> 222.42 | D90: =SUM(B90:C90) -> 481.91
A91: Cargo D - Copa/Cozinha 12x36 Diurno | B91: =E64 -> 0 | C91: =E78 -> 0 | D91: =SUM(B91:C91) -> 0
A92: Cargo E - Copa/Cozinha 12x36 Intermediário | B92: =E65 -> 0 | C92: =E79 -> 0 | D92: =SUM(B92:C92) -> 0
A93: Cargo F - Copa/Cozinha 12x36 Noturno | B93: =E66 -> 114.26 | C93: =E80 -> 97.937143 | D93: =SUM(B93:C93) -> 212.19714
A94: Cargo G - Copa/Cozinha 40h | B94: =E67 -> 0 | C94: =E81 -> 0 | D94: =SUM(B94:C94) -> 0
A95: Cargo H - Serv. Gerais Higiene + Copa 40h | B95: =E68 -> 0 | C95: =E82 -> 0 | D95: =SUM(B95:C95) -> 0
A96: Cargo I - Supervisor UPA | B96: =E69 -> 0 | C96: =E83 -> 0 | D96: =SUM(B96:C96) -> 0
A97: Cargo J - Supervidor Demais Unidades | B97: =E70 -> 0 | C97: =E84 -> 0 | D97: =SUM(B97:C97) -> 0
A99: MÓDULO 1 - REMUNERAÇÃO
A100: Este quadro totaliza a remuneração devida ao trabalhador, conforme previsão da Consolidação das Leis do Trabalho e valores disponíveis na Convenção Coletiva para a categoria
A102: MÓDULO 1 - REMUNERAÇÃO
A103: Categoria | B103: Salário Base | C103: Gratificação de função | D103: Adicional de Periculosidade ou Insalubridade | E103: Adicional Noturno | G103: Total
A104: Cargo A - Serv. Gerais Higiene 40h | B104: =B12 -> 1727.2727 | C104: =D28 -> 0 | D104: =D44 -> 324.2 | E104: =D88 -> 0 | G104: =SUM(B104:E104) -> 2051.4727
A105: Cargo B - Serv. Gerais Higiene 12x36 Diurno | B105: =B13 -> 1900 | C105: =D29 -> 0 | D105: =D45 -> 324.2 | E105: =D89 -> 0 | G105: =SUM(B105:E105) -> 2224.2
A106: Cargo C - Serv. Gerais Higiene 12x36 Noturno | B106: =B14 -> 1900 | C106: =D30 -> 0 | D106: =D46 -> 324.2 | E106: =D90 -> 481.91 | G106: =SUM(B106:E106) -> 2706.11
A107: Cargo D - Copa/Cozinha 12x36 Diurno | B107: =B15 -> 1961 | C107: =D31 -> 0 | D107: =D47 -> 324.2 | E107: =D91 -> 0 | G107: =SUM(B107:E107) -> 2285.2
A108: Cargo E - Copa/Cozinha 12x36 Intermediário | B108: =B16 -> 1961 | C108: =D32 -> 0 | D108: =D48 -> 324.2 | E108: =D92 -> 0 | G108: =SUM(B108:E108) -> 2285.2
A109: Cargo F - Copa/Cozinha 12x36 Noturno | B109: =B17 -> 1961 | C109: =D33 -> 0 | D109: =D49 -> 324.2 | E109: =D93 -> 212.19714 | G109: =SUM(B109:E109) -> 2497.3971
A110: Cargo G - Copa/Cozinha 40h | B110: =B18 -> 1961 | C110: =D34 -> 0 | D110: =D50 -> 324.2 | E110: =D94 -> 0 | G110: =SUM(B110:E110) -> 2285.2
A111: Cargo H - Serv. Gerais Higiene + Copa 40h | B111: =B19 -> 1727.2727 | C111: =D35 -> 131 | D111: =D51 -> 324.2 | E111: =D95 -> 0 | G111: =SUM(B111:E111) -> 2182.4727
A112: Cargo I - Supervisor UPA | B112: =B20 -> 3023 | C112: =D36 -> 0 | D112: =D52 -> 324.2 | E112: =D96 -> 0 | G112: =SUM(B112:E112) -> 3347.2
A113: Cargo J - Supervidor Demais Unidades | B113: =B21 -> 3023 | C113: =D37 -> 0 | D113: =D53 -> 324.2 | E113: =D97 -> 0 | G113: =SUM(B113:E113) -> 3347.2
A115: MÓDULO 2 - ENCARGOS E BENEFÍCIOS (ANUAIS, MENSAIS E DIÁRIOS)
A117: SUBMÓDULO 2.1 – 13° SALÁRIO, FÉRIAS E ADICIONAL DE FÉRIAS
...

Sheet A - SERV GERAIS HIGIENE 40H
A1: PLANILHA DE CUSTOS E FORMAÇÃO DE PREÇOS
A2: MODELO PARA A CONSOLIDAÇÃO E APRESENTAÇÃO DE PROPOSTAS
A3: Com ajustes após publicação da Lei n° 13.467, de 2017.
A6: Módulo 1 - Composição da Remuneração
A8: 1 | B8: Composição da Remuneração | C8: Valor (R$)
A9: A | B9: Salário-Base | C9: ='Custo por trabalhador'!B12 -> 1727.2727
A10: B | B10: Adicional de Periculosidade | C10: 0
A11: C | B11: Adicional de Insalubridade | C11: ='Custo por trabalhador'!D44 -> 324.2
A12: D | B12: Adicional Noturno | C12: ='Custo por trabalhador'!E61 -> 0
A13: E | B13: Adicional de Hora Noturna Reduzida | C13: ='Custo por trabalhador'!E75 -> 0
A15: G | B15: Outros (especificar) | C15: ='Custo por trabalhador'!D28 -> 0
A16: Total | C16: =SUM(C9:C15) -> 2051.4727
A19: Módulo 2 - Encargos e Benefícios Anuais, Mensais e Diários
A21: Submódulo 2.1 - 13º (décimo terceiro) Salário, Férias e Adicional de Férias
A23: 2.1 | B23: 13º (décimo terceiro) Salário, Férias e Adicional de Férias | C23: Valor (R$)
A24: A | B24: 13º (décimo terceiro) Salário | C24: ='Custo por trabalhador'!D121 -> 170.95606
A25: B | B25: Férias e Adicional de Férias | C25: ='Custo por trabalhador'!D134+'Custo por trabalhador'!E147 -> 227.94141
A26: Total | C26: =SUM(C24:C25) -> 398.89747
A29: Submódulo 2.2 - Encargos Previdenciários (GPS), Fundo de Garantia por Tempo de Serviço (FGTS) e outras contribuições.
A31: 2.2 | B31: GPS, FGTS e outras contribuições | C31: Percentual (%) | D31: Valor (R$)
A32: A | B32: INSS | C32: 0.2 | D32: =(C26+C16)*C32 -> 490.07404
A33: B | B33: Salário Educação | C33: 0.025 | D33: =($C$26+$C$16)*C33 -> 61.259255
A34: C | B34: SAT | C34: ='Custo por trabalhador'!B178 -> 0.03 | D34: =($C$26+$C$16)*C34 -> 73.511106
A35: D | B35: SESC ou SESI | C35: 0.015 | D35: =($C$26+$C$16)*C35 -> 36.755553
A36: E | B36: SENAI - SENAC | C36: 0.01 | D36: =($C$26+$C$16)*C36 -> 24.503702
A37: F | B37: SEBRAE | C37: 0.006 | D37: =($C$26+$C$16)*C37 -> 14.702221
A38: G | B38: INCRA | C38: 0.002 | D38: =($C$26+$C$16)*C38 -> 4.9007404
A39: H | B39: FGTS | C39: 0.08 | D39: =($C$26+$C$16)*C39 -> 196.02962
A40: Total | C40: =SUM(C32:C39) -> 0.368 | D40: =SUM(D32:D39) -> 901.73623
A43: Submódulo 2.3 - Benefícios Mensais e Diários.
A45: 2.3 | B45: Benefícios Mensais e Diários | C45: Valor (R$)
A46: A | B46: Transporte | C46: ='Custo por trabalhador'!B324 -> 116.36364
A47: B | B47: Auxílio-Refeição/Alimentação | C47: ='Custo por trabalhador'!C324 -> 720
A48: C | B48: ='Custo por trabalhador'!D323 -> Auxílio Saúde | C48: ='Custo por trabalhador'!D324 -> 94.5
A49: D | B49: ='Custo por trabalhador'!E323 -> Benefício Social Familiar | C49: ='Custo por trabalhador'!E324 -> 31
A50: E | B50: ='Custo por trabalhador'!F323 -> Fundo de Formação Profissional | C50: ='Custo por trabalhador'!F324 -> 31
A51: Total | C51: =SUM(C46:C50) -> 992.86364
A54: Quadro-Resumo do Módulo 2 - Encargos e Benefícios anuais, mensais e diários
A56: 2 | B56: Encargos e Benefícios Anuais, Mensais e Diários | C56: Valor (R$)
A57: 2.1 | B57: 13º (décimo terceiro) Salário, Férias e Adicional de Férias | C57: =C26 -> 398.89747
A58: 2.2 | B58: GPS, FGTS e outras contribuições | C58: =D40 -> 901.73623
A59: 2.3 | B59: Benefícios Mensais e Diários | C59: =C51 -> 992.86364
A60: Total | C60: =SUM(C57:C59) -> 2293.4973
A63: Módulo 3 - Provisão para Rescisão
A65: 3 | B65: Provisão para Rescisão | C65: Valor (R$)
A66: A | B66: Aviso Prévio Indenizado e multa do FGTS | C66: ='Custo por trabalhador'!D393 -> 112.86199
A67: B | B67: Aviso Prévio Trabalhado e multa do FGTS | C67: ='Custo por trabalhador'!D435 -> 159.19626
A68: C | B68: Reversão de provisões – demissão com justa causa | C68: ='Custo por trabalhador'!D464 -> -3.9889747
A69: Total | C69: =SUM(C66:C68) -> 268.06928
A72: Módulo 4 - Custo de Reposição do Profissional Ausente
A75: Submódulo 4.1 - Ausências Legais
A77: 4.1 | B77: Ausências Legais | C77: Valor (R$)
A78: A | B78: Férias | C78: ='Custo por trabalhador'!G497*'Custo por trabalhador'!D532/12 -> 268.56736
A79: B | B79: Ausências Legais | C79: ='Custo por trabalhador'!D532*'Custo por trabalhador'!C498/12 -> 12.813998
A80: C | B80: Licença-Paternidade | C80: ='Custo por trabalhador'!D532*'Custo por trabalhador'!G506/12 -> 2.5603422
A81: D | B81: Ausência por acidente de trabalho | C81: ='Custo por trabalhador'!D532*'Custo por trabalhador'!G499/12 -> 12.380955
A82: E | B82: Afastamento Maternidade | C82: ='Custo por trabalhador'!D532*'Custo por trabalhador'!G507/12 -> 31.744662
A83: F | B83: Outros (especificar) | C83: ='Custo por trabalhador'!E545-C78-C79-C80-C81-C82 -> 49.635882
A84: Total | C84: =SUM(C78:C83) -> 377.7032
A87: Submódulo 4.2 - Intrajornada
A89: 4.2 | B89: Intrajornada | C89: Valor (R$)
A90: A | B90: Intervalo para repouso e alimentação | C90: ='Custo por trabalhador'!D574 -> 0
A91: Total | C91: =SUM(C90) -> 0
A94: Quadro-Resumo do Módulo 4 - Custo de Reposição do Profissional Ausente
A96: 4 | B96: Custo de Reposição do Profissional Ausente | C96: Valor (R$)
A97: 4.1 | B97: Ausências Legais | C97: =C84 -> 377.7032
A98: 4.2 | B98: Intrajornada | C98: =C91 -> 0
A99: Total | C99: =SUM(C97:C98) -> 377.7032
A102: Módulo 5 - Insumos Diversos
A104: 5 | B104: Insumos Diversos | C104: Valor (R$)
A105: A | B105: Uniformes | C105: ='Custo por trabalhador'!C611 -> 19.7975
A106: B | B106: Materiais | C106: 0
A107: C | B107: CUSTO MENSAL DE EPIs E INSUMOS DE USO INDIVIDUAL | C107: ='Custo por trabalhador'!D634 -> 81.795833
A108: D | B108: Outros (especificar) | C108: 0
A109: Total | C109: =SUM(C105:C108) -> 101.59333
A112: Módulo 6 - Custos Indiretos, Tributos e Lucro
A114: 6 | B114: Custos Indiretos, Tributos e Lucro | C114: Percentual (%) | D114: Valor (R$)
A115: A | B115: Custos Indiretos | C115: ='Custo por trabalhador'!B661 -> 0.03 | D115: ='Custo por trabalhador'!B667*'A - SERV GERAIS HIGIENE 40H'!C115 -> 152.77008
A116: B | B116: Lucro | C116: ='Custo por trabalhador'!B663 -> 0.0679 | D116: ='Custo por trabalhador'!B697*'Custo por trabalhador'!B663 -> 406.74131
A117: C | B117: Tributos | C117: ='Custo por trabalhador'!B662 -> 0.0565 | D117: ='Custo por trabalhador'!B697*'A - SERV GERAIS HIGIENE 40H'!C117 -> 338.4519
B118: C.1. Tributos Federais (PIS | C118: 0.0065 | D118: ='Custo por trabalhador'!B697*0.65% -> 38.936945
B119: C.2. Tributos Federais (COFINS | C119: 0.03 | D119: ='Custo por trabalhador'!B697*3% -> 179.70898
B120: C.3. Tributos Municipais (ISSQN) | C120: 0.02 | D120: ='Custo por trabalhador'!B697*2% -> 119.80598
A121: Total | D121: =SUM(D115:D117) -> 897.96329
A124: 2. QUADRO-RESUMO DO CUSTO POR EMPREGADO
B126: Mão de obra vinculada à execução contratual (valor por empregado) | C126: Valor (R$)
A127: A | B127: Módulo 1 - Composição da Remuneração | C127: =C16 -> 2051.4727
A128: B | B128: Módulo 2 - Encargos e Benefícios Anuais, Mensais e Diários | C128: =C60 -> 2293.4973
A129: C | B129: Módulo 3 - Provisão para Rescisão | C129: =C69 -> 268.06928
A130: D | B130: Módulo 4 - Custo de Reposição do Profissional Ausente | C130: =C99 -> 377.7032
A131: E | B131: Módulo 5 - Insumos Diversos | C131: =C109 -> 101.59333
A132: Subtotal (A + B +C+ D+E) | C132: =SUM(C127:C131) -> 5092.3359
A133: F | B133: Módulo 6 – Custos Indiretos, Tributos e Lucro | C133: =D121 -> 897.96329
A134: Valor Total por Empregado | C134: =C132+C133 -> 5990.2992

Sheet B SERV GERAIS HIGIENE 12X36 DIU
A1: PLANILHA DE CUSTOS E FORMAÇÃO DE PREÇOS
A2: MODELO PARA A CONSOLIDAÇÃO E APRESENTAÇÃO DE PROPOSTAS
A3: Com ajustes após publicação da Lei n° 13.467, de 2017.
A6: Módulo 1 - Composição da Remuneração
A8: 1 | B8: Composição da Remuneração | C8: Valor (R$)
A9: A | B9: Salário-Base | C9: ='Custo por trabalhador'!B13 -> 1900
A10: B | B10: Adicional de Periculosidade | C10: 0
A11: C | B11: Adicional de Insalubridade | C11: ='Custo por trabalhador'!D45 -> 324.2
A12: D | B12: Adicional Noturno | C12: ='Custo por trabalhador'!E61 -> 0
A13: E | B13: Adicional de Hora Noturna Reduzida | C13: ='Custo por trabalhador'!E75 -> 0
A15: G | B15: Outros (especificar) | C15: ='Custo por trabalhador'!D28 -> 0
A16: Total | C16: =SUM(C9:C15) -> 2224.2
A19: Módulo 2 - Encargos e Benefícios Anuais, Mensais e Diários
A21: Submódulo 2.1 - 13º (décimo terceiro) Salário, Férias e Adicional de Férias
A23: 2.1 | B23: 13º (décimo terceiro) Salário, Férias e Adicional de Férias | C23: Valor (R$)
A24: A | B24: 13º (décimo terceiro) Salário | C24: ='Custo por trabalhador'!D122 -> 185.35
A25: B | B25: Férias e Adicional de Férias | C25: ='Custo por trabalhador'!D135+'Custo por trabalhador'!E148 -> 247.13333
A26: Total | C26: =SUM(C24:C25) -> 432.48333
A29: Submódulo 2.2 - Encargos Previdenciários (GPS), Fundo de Garantia por Tempo de Serviço (FGTS) e outras contribuições.
A31: 2.2 | B31: GPS, FGTS e outras contribuições | C31: Percentual (%) | D31: Valor (R$)
A32: A | B32: INSS | C32: 0.2 | D32: =(C26+C16)*C32 -> 531.33667
A33: B | B33: Salário Educação | C33: 0.025 | D33: =($C$26+$C$16)*C33 -> 66.417083
A34: C | B34: SAT | C34: ='Custo por trabalhador'!B178 -> 0.03 | D34: =($C$26+$C$16)*C34 -> 79.7005
A35: D | B35: SESC ou SESI | C35: 0.015 | D35: =($C$26+$C$16)*C35 -> 39.85025
A36: E | B36: SENAI - SENAC | C36: 0.01 | D36: =($C$26+$C$16)*C36 -> 26.566833
A37: F | B37: SEBRAE | C37: 0.006 | D37: =($C$26+$C$16)*C37 -> 15.9401
A38: G | B38: INCRA | C38: 0.002 | D38: =($C$26+$C$16)*C38 -> 5.3133667
A39: H | B39: FGTS | C39: 0.08 | D39: =($C$26+$C$16)*C39 -> 212.53467
A40: Total | C40: =SUM(C32:C39) -> 0.368 | D40: =SUM(D32:D39) -> 977.65947
A43: Submódulo 2.3 - Benefícios Mensais e Diários.
A45: 2.3 | B45: Benefícios Mensais e Diários | C45: Valor (R$)
A46: A | B46: Transporte | C46: ='Custo por trabalhador'!D257 -> 93
A47: B | B47: Auxílio-Refeição/Alimentação | C47: ='Custo por trabalhador'!D297 -> 720
A48: C | B48: ='Custo por trabalhador'!D323 -> Auxílio Saúde | C48: ='Custo por trabalhador'!B312 -> 94.5
A49: D | B49: ='Custo por trabalhador'!E323 -> Benefício Social Familiar | C49: ='Custo por trabalhador'!C312 -> 31
A50: E | B50: ='Custo por trabalhador'!F323 -> Fundo de Formação Profissional | C50: ='Custo por trabalhador'!D312 -> 31
A51: Total | C51: =SUM(C46:C50) -> 969.5
A54: Quadro-Resumo do Módulo 2 - Encargos e Benefícios anuais, mensais e diários
A56: 2 | B56: Encargos e Benefícios Anuais, Mensais e Diários | C56: Valor (R$)
A57: 2.1 | B57: 13º (décimo terceiro) Salário, Férias e Adicional de Férias | C57: =C26 -> 432.48333
A58: 2.2 | B58: GPS, FGTS e outras contribuições | C58: =D40 -> 977.65947
A59: 2.3 | B59: Benefícios Mensais e Diários | C59: =C51 -> 969.5
A60: Total | C60: =SUM(C57:C59) -> 2379.6428
A63: Módulo 3 - Provisão para Rescisão
A65: 3 | B65: Provisão para Rescisão | C65: Valor (R$)
A66: A | B66: Aviso Prévio Indenizado e multa do FGTS | C66: ='Custo por trabalhador'!D394 -> 119.72899
A67: B | B67: Aviso Prévio Trabalhado e multa do FGTS | C67: ='Custo por trabalhador'!D436 -> 169.37875
A68: C | B68: Reversão de provisões – demissão com justa causa | C68: ='Custo por trabalhador'!D465 -> -4.3248333
A69: Total | C69: =SUM(C66:C68) -> 284.78291
A72: Módulo 4 - Custo de Reposição do Profissional Ausente
A75: Submódulo 4.1 - Ausências Legais
A77: 4.1 | B77: Ausências Legais | C77: Valor (R$)
A78: A | B78: Férias | C78: ='Custo por trabalhador'!E497*'Custo por trabalhador'!D533/12 -> 203.69274
A79: B | B79: Ausências Legais | C79: ='Custo por trabalhador'!D533*'Custo por trabalhador'!E498/12 -> 13.579516
A80: C | B80: Licença-Paternidade | C80: ='Custo por trabalhador'!D533*'Custo por trabalhador'!E506/12 -> 1.9418708
A81: D | B81: Ausência por acidente de trabalho | C81: ='Custo por trabalhador'!D533*'Custo por trabalhador'!E499/12 -> 9.3902352
A82: E | B82: Afastamento Maternidade | C82: ='Custo por trabalhador'!D533*'Custo por trabalhador'!E507/12 -> 24.076482
A83: F | B83: Outros (especificar) | C83: ='Custo por trabalhador'!E546-'B SERV GERAIS HIGIENE 12X36 DIU'!C82-'B SERV GERAIS HIGIENE 12X36 DIU'!C81-'B SERV GERAIS HIGIENE 12X36 DIU'!C80-'B SERV GERAIS HIGIENE 12X36 DIU'!C79-'B SERV GERAIS HIGIENE 12X36 DIU'!C78 -> 38.709768
A84: Total | C84: =SUM(C78:C83) -> 291.39061
A87: Submódulo 4.2 - Intrajornada
A89: 4.2 | B89: Intrajornada | C89: Valor (R$)
A90: A | B90: Intervalo para repouso e alimentação | C90: ='Custo por trabalhador'!D574 -> 0
A91: Total | C91: =SUM(C90) -> 0
A94: Quadro-Resumo do Módulo 4 - Custo de Reposição do Profissional Ausente
A96: 4 | B96: Custo de Reposição do Profissional Ausente | C96: Valor (R$)
A97: 4.1 | B97: Ausências Legais | C97: =C84 -> 291.39061
A98: 4.2 | B98: Intrajornada | C98: =C91 -> 0
A99: Total | C99: =SUM(C97:C98) -> 291.39061
A102: Módulo 5 - Insumos Diversos
A104: 5 | B104: Insumos Diversos | C104: Valor (R$)
A105: A | B105: Uniformes | C105: ='Custo por trabalhador'!C612 -> 19.7975
A106: B | B106: Materiais | C106: 0
A107: C | B107: CUSTO MENSAL DE EPIs E INSUMOS DE USO INDIVIDUAL | C107: ='Custo por trabalhador'!D635 -> 64.945833
A108: D | B108: Outros (especificar) | C108: 0
A109: Total | C109: =SUM(C105:C108) -> 84.743333
A112: Módulo 6 - Custos Indiretos, Tributos e Lucro
A114: 6 | B114: Custos Indiretos, Tributos e Lucro | C114: Percentual (%) | D114: Valor (R$)
A115: A | B115: Custos Indiretos | C115: ='Custo por trabalhador'!B661 -> 0.03 | D115: ='Custo por trabalhador'!B668*'B SERV GERAIS HIGIENE 12X36 DIU'!C115 -> 157.94279
A116: B | B116: Lucro | C116: ='Custo por trabalhador'!B663 -> 0.0679 | D116: ='Custo por trabalhador'!B697*'Custo por trabalhador'!B663 -> 406.74131
A117: C | B117: Tributos | C117: ='Custo por trabalhador'!B662 -> 0.0565 | D117: ='Custo por trabalhador'!C697*'B SERV GERAIS HIGIENE 12X36 DIU'!C117 -> 349.9117
B118: C.1. Tributos Federais (PIS | C118: 0.0065 | D118: ='Custo por trabalhador'!C697*0.65% -> 40.255329
B119: C.2. Tributos Federais (COFINS | C119: 0.03 | D119: ='Custo por trabalhador'!C697*3% -> 185.79382
B120: C.3. Tributos Municipais (ISSQN) | C120: 0.02 | D120: ='Custo por trabalhador'!C697*2% -> 123.86255
A121: Total | D121: =SUM(D115:D117) -> 914.59581
A124: 2. QUADRO-RESUMO DO CUSTO POR EMPREGADO
B126: Mão de obra vinculada à execução contratual (valor por empregado) | C126: Valor (R$)
A127: A | B127: Módulo 1 - Composição da Remuneração | C127: =C16 -> 2224.2
A128: B | B128: Módulo 2 - Encargos e Benefícios Anuais, Mensais e Diários | C128: =C60 -> 2379.6428
A129: C | B129: Módulo 3 - Provisão para Rescisão | C129: =C69 -> 284.78291
A130: D | B130: Módulo 4 - Custo de Reposição do Profissional Ausente | C130: =C99 -> 291.39061
A131: E | B131: Módulo 5 - Insumos Diversos | C131: =C109 -> 84.743333
A132: Subtotal (A + B +C+ D+E) | C132: =SUM(C127:C131) -> 5264.7596
A133: F | B133: Módulo 6 – Custos Indiretos, Tributos e Lucro | C133: =D121 -> 914.59581
A134: Valor Total por Empregado | C134: =C132+C133 -> 6179.3555

Sheet C SERV GERAIS HIGIENE 12X36 NOT
A1: PLANILHA DE CUSTOS E FORMAÇÃO DE PREÇOS
A2: MODELO PARA A CONSOLIDAÇÃO E APRESENTAÇÃO DE PROPOSTAS
A3: Com ajustes após publicação da Lei n° 13.467, de 2017.
A6: Módulo 1 - Composição da Remuneração
A8: 1 | B8: Composição da Remuneração | C8: Valor (R$)
A9: A | B9: Salário-Base | C9: ='Custo por trabalhador'!B14 -> 1900
A10: B | B10: Adicional de Periculosidade | C10: 0
A11: C | B11: Adicional de Insalubridade | C11: ='Custo por trabalhador'!D46 -> 324.2
A12: D | B12: Adicional Noturno | C12: ='Custo por trabalhador'!E63 -> 259.49
A13: E | B13: Adicional de Hora Noturna Reduzida | C13: ='Custo por trabalhador'!E77 -> 222.42
A15: G | B15: Outros (especificar) | C15: ='Custo por trabalhador'!D30 -> 0
A16: Total | C16: =SUM(C9:C15) -> 2706.11
A19: Módulo 2 - Encargos e Benefícios Anuais, Mensais e Diários
A21: Submódulo 2.1 - 13º (décimo terceiro) Salário, Férias e Adicional de Férias
A23: 2.1 | B23: 13º (décimo terceiro) Salário, Férias e Adicional de Férias | C23: Valor (R$)
A24: A | B24: 13º (décimo terceiro) Salário | C24: ='Custo por trabalhador'!D123 -> 225.50917
A25: B | B25: Férias e Adicional de Férias | C25: ='Custo por trabalhador'!D136+'Custo por trabalhador'!E149 -> 300.67889
A26: Total | C26: =SUM(C24:C25) -> 526.18806
A29: Submódulo 2.2 - Encargos Previdenciários (GPS), Fundo de Garantia por Tempo de Serviço (FGTS) e outras contribuições.
A31: 2.2 | B31: GPS, FGTS e outras contribuições | C31: Percentual (%) | D31: Valor (R$)
A32: A | B32: INSS | C32: 0.2 | D32: =(C26+C16)*C32 -> 646.45961
A33: B | B33: Salário Educação | C33: 0.025 | D33: =($C$26+$C$16)*C33 -> 80.807451
A34: C | B34: SAT | C34: ='Custo por trabalhador'!B178 -> 0.03 | D34: =($C$26+$C$16)*C34 -> 96.968942
A35: D | B35: SESC ou SESI | C35: 0.015 | D35: =($C$26+$C$16)*C35 -> 48.484471
A36: E | B36: SENAI - SENAC | C36: 0.01 | D36: =($C$26+$C$16)*C36 -> 32.322981
A37: F | B37: SEBRAE | C37: 0.006 | D37: =($C$26+$C$16)*C37 -> 19.393788
A38: G | B38: INCRA | C38: 0.002 | D38: =($C$26+$C$16)*C38 -> 6.4645961
A39: H | B39: FGTS | C39: 0.08 | D39: =($C$26+$C$16)*C39 -> 258.58384
A40: Total | C40: =SUM(C32:C39) -> 0.368 | D40: =SUM(D32:D39) -> 1189.4857
A43: Submódulo 2.3 - Benefícios Mensais e Diários.
A45: 2.3 | B45: Benefícios Mensais e Diários | C45: Valor (R$)
A46: A | B46: Transporte | C46: ='Custo por trabalhador'!D258 -> 93
A47: B | B47: Auxílio-Refeição/Alimentação | C47: ='Custo por trabalhador'!D298 -> 720
A48: C | B48: ='Custo por trabalhador'!D323 -> Auxílio Saúde | C48: ='Custo por trabalhador'!B313 -> 94.5
A49: D | B49: ='Custo por trabalhador'!E323 -> Benefício Social Familiar | C49: ='Custo por trabalhador'!C313 -> 31
A50: E | B50: ='Custo por trabalhador'!F323 -> Fundo de Formação Profissional | C50: ='Custo por trabalhador'!D313 -> 31
A51: Total | C51: =SUM(C46:C50) -> 969.5
A54: Quadro-Resumo do Módulo 2 - Encargos e Benefícios anuais, mensais e diários
A56: 2 | B56: Encargos e Benefícios Anuais, Mensais e Diários | C56: Valor (R$)
A57: 2.1 | B57: 13º (décimo terceiro) Salário, Férias e Adicional de Férias | C57: =C26 -> 526.18806
A58: 2.2 | B58: GPS, FGTS e outras contribuições | C58: =D40 -> 1189.4857
A59: 2.3 | B59: Benefícios Mensais e Diários | C59: =C51 -> 969.5
A60: Total | C60: =SUM(C57:C59) -> 2685.1737
A63: Módulo 3 - Provisão para Rescisão
A65: 3 | B65: Provisão para Rescisão | C65: Valor (R$)
A66: A | B66: Aviso Prévio Indenizado e multa do FGTS | C66: ='Custo por trabalhador'!D395 -> 140.49417
A67: B | B67: Aviso Prévio Trabalhado e multa do FGTS | C67: ='Custo por trabalhador'!D437 -> 199.75114
A68: C | B68: Reversão de provisões – demissão com justa causa | C68: ='Custo por trabalhador'!D466 -> -5.2618806
A69: Total | C69: =SUM(C66:C68) -> 334.98342
A72: Módulo 4 - Custo de Reposição do Profissional Ausente
A75: Submódulo 4.1 - Ausências Legais
A77: 4.1 | B77: Ausências Legais | C77: Valor (R$)
A78: A | B78: Férias | C78: ='Custo por trabalhador'!E497*'Custo por trabalhador'!D534/12 -> 238.59447
A79: B | B79: Ausências Legais | C79: ='Custo por trabalhador'!D534*'Custo por trabalhador'!E498/12 -> 15.906298
A80: C | B80: Licença-Paternidade | C80: ='Custo por trabalhador'!E506*'Custo por trabalhador'!D534/12 -> 2.2746006
A81: D | B81: Ausência por acidente de trabalho | C81: ='Custo por trabalhador'!D534/'Custo por trabalhador'!E499/12 -> 23.0026
A82: E | B82: Afastamento Maternidade | C82: ='Custo por trabalhador'!D534*'Custo por trabalhador'!E507/12 -> 28.201866
A83: F | B83: Outros (especificar) | C83: ='Custo por trabalhador'!E546-C78-C79-C80-C81-C82 -> -16.58922
A84: Total | C84: =SUM(C78:C83) -> 291.39061
A87: Submódulo 4.2 - Intrajornada
A89: 4.2 | B89: Intrajornada | C89: Valor (R$)
A90: A | B90: Intervalo para repouso e alimentação | C90: ='Custo por trabalhador'!D574 -> 0
A91: Total | C91: =SUM(C90) -> 0
A94: Quadro-Resumo do Módulo 4 - Custo de Reposição do Profissional Ausente
A96: 4 | B96: Custo de Reposição do Profissional Ausente | C96: Valor (R$)
A97: 4.1 | B97: Ausências Legais | C97: =C84 -> 291.39061
A98: 4.2 | B98: Intrajornada | C98: =C91 -> 0
A99: Total | C99: =SUM(C97:C98) -> 291.39061
A102: Módulo 5 - Insumos Diversos
A104: 5 | B104: Insumos Diversos | C104: Valor (R$)
A105: A | B105: Uniformes | C105: ='Custo por trabalhador'!C613 -> 19.7975
A106: B | B106: Materiais | C106: 0
A107: C | B107: CUSTO MENSAL DE EPIs E INSUMOS DE USO INDIVIDUAL | C107: ='Custo por trabalhador'!D636 -> 64.945833
A108: D | B108: Outros (especificar) | C108: 0
A109: Total | C109: =SUM(C105:C108) -> 84.743333
A112: Módulo 6 - Custos Indiretos, Tributos e Lucro
A114: 6 | B114: Custos Indiretos, Tributos e Lucro | C114: Percentual (%) | D114: Valor (R$)
A115: A | B115: Custos Indiretos | C115: ='Custo por trabalhador'!B661 -> 0.03 | D115: ='Custo por trabalhador'!D669*'C SERV GERAIS HIGIENE 12X36 NOT'!C115 -> 32.546357
A116: B | B116: Lucro | C116: ='Custo por trabalhador'!B663 -> 0.0679 | D116: ='Custo por trabalhador'!D697*'Custo por trabalhador'!B663 -> 491.40642
A117: C | B117: Tributos | C117: ='Custo por trabalhador'!B662 -> 0.0565 | D117: ='Custo por trabalhador'!D697*'C SERV GERAIS HIGIENE 12X36 NOT'!C117 -> 408.90225
B118: C.1. Tributos Federais (PIS | C118: 0.0065 | D118: ='Custo por trabalhador'!D697*0.65% -> 47.041852
B119: C.2. Tributos Federais (COFINS | C119: 0.03 | D119: ='Custo por trabalhador'!D697*3% -> 217.11624
B120: C.3. Tributos Municipais (ISSQN) | C120: 0.02 | D120: ='Custo por trabalhador'!D697*2% -> 144.74416
A121: Total | D121: =SUM(D115:D117) -> 932.85503
A124: 2. QUADRO-RESUMO DO CUSTO POR EMPREGADO
B126: Mão de obra vinculada à execução contratual (valor por empregado) | C126: Valor (R$)
A127: A | B127: Módulo 1 - Composição da Remuneração | C127: =C16 -> 2706.11
A128: B | B128: Módulo 2 - Encargos e Benefícios Anuais, Mensais e Diários | C128: =C60 -> 2685.1737
A129: C | B129: Módulo 3 - Provisão para Rescisão | C129: =C69 -> 334.98342
A130: D | B130: Módulo 4 - Custo de Reposição do Profissional Ausente | C130: =C99 -> 291.39061
A131: E | B131: Módulo 5 - Insumos Diversos | C131: =C109 -> 84.743333
A132: Subtotal (A + B +C+ D+E) | C132: =SUM(C127:C131) -> 6102.4011
A133: F | B133: Módulo 6 – Custos Indiretos, Tributos e Lucro | C133: =D121 -> 932.85503
A134: Valor Total por Empregado | C134: =C132+C133 -> 7035.2561

Sheet D COPACOZINHA 12X36 DIU
A1: PLANILHA DE CUSTOS E FORMAÇÃO DE PREÇOS
A2: MODELO PARA A CONSOLIDAÇÃO E APRESENTAÇÃO DE PROPOSTAS
A3: Com ajustes após publicação da Lei n° 13.467, de 2017.
A6: Módulo 1 - Composição da Remuneração
A8: 1 | B8: Composição da Remuneração | C8: Valor (R$)
A9: A | B9: Salário-Base | C9: ='Custo por trabalhador'!B15 -> 1961
A10: B | B10: Adicional de Periculosidade | C10: 0
A11: C | B11: Adicional de Insalubridade | C11: ='Custo por trabalhador'!D47 -> 324.2
A12: D | B12: Adicional Noturno | C12: ='Custo por trabalhador'!E64 -> 0
A13: E | B13: Adicional de Hora Noturna Reduzida | C13: ='Custo por trabalhador'!E78 -> 0
A15: G | B15: Outros (especificar) | C15: ='Custo por trabalhador'!D30 -> 0
A16: Total | C16: =SUM(C9:C15) -> 2285.2
A19: Módulo 2 - Encargos e Benefícios Anuais, Mensais e Diários
A21: Submódulo 2.1 - 13º (décimo terceiro) Salário, Férias e Adicional de Férias
A23: 2.1 | B23: 13º (décimo terceiro) Salário, Férias e Adicional de Férias | C23: Valor (R$)
A24: A | B24: 13º (décimo terceiro) Salário | C24: ='Custo por trabalhador'!D124 -> 190.43333
A25: B | B25: Férias e Adicional de Férias | C25: ='Custo por trabalhador'!D137+'Custo por trabalhador'!E150 -> 253.91111
A26: Total | C26: =SUM(C24:C25) -> 444.34444
A29: Submódulo 2.2 - Encargos Previdenciários (GPS), Fundo de Garantia por Tempo de Serviço (FGTS) e outras contribuições.
A31: 2.2 | B31: GPS, FGTS e outras contribuições | C31: Percentual (%) | D31: Valor (R$)
A32: A | B32: INSS | C32: 0.2 | D32: =(C26+C16)*C32 -> 545.90889
A33: B | B33: Salário Educação | C33: 0.025 | D33: =($C$26+$C$16)*C33 -> 68.238611
A34: C | B34: SAT | C34: ='Custo por trabalhador'!B178 -> 0.03 | D34: =($C$26+$C$16)*C34 -> 81.886333
A35: D | B35: SESC ou SESI | C35: 0.015 | D35: =($C$26+$C$16)*C35 -> 40.943167
A36: E | B36: SENAI - SENAC | C36: 0.01 | D36: =($C$26+$C$16)*C36 -> 27.295444
A37: F | B37: SEBRAE | C37: 0.006 | D37: =($C$26+$C$16)*C37 -> 16.377267
A38: G | B38: INCRA | C38: 0.002 | D38: =($C$26+$C$16)*C38 -> 5.4590889
A39: H | B39: FGTS | C39: 0.08 | D39: =($C$26+$C$16)*C39 -> 218.36356
A40: Total | C40: =SUM(C32:C39) -> 0.368 | D40: =SUM(D32:D39) -> 1004.4724
A43: Submódulo 2.3 - Benefícios Mensais e Diários.
A45: 2.3 | B45: Benefícios Mensais e Diários | C45: Valor (R$)
A46: A | B46: Transporte | C46: ='Custo por trabalhador'!D259 -> 91.17
A47: B | B47: Auxílio-Refeição/Alimentação | C47: ='Custo por trabalhador'!D299 -> 720
A48: C | B48: ='Custo por trabalhador'!D323 -> Auxílio Saúde | C48: ='Custo por trabalhador'!B314 -> 94.5
A49: D | B49: ='Custo por trabalhador'!E323 -> Benefício Social Familiar | C49: ='Custo por trabalhador'!C314 -> 31
A50: E | B50: ='Custo por trabalhador'!F323 -> Fundo de Formação Profissional | C50: ='Custo por trabalhador'!D314 -> 31
A51: Total | C51: =SUM(C46:C50) -> 967.67
A54: Quadro-Resumo do Módulo 2 - Encargos e Benefícios anuais, mensais e diários
A56: 2 | B56: Encargos e Benefícios Anuais, Mensais e Diários | C56: Valor (R$)
A57: 2.1 | B57: 13º (décimo terceiro) Salário, Férias e Adicional de Férias | C57: =C26 -> 444.34444
A58: 2.2 | B58: GPS, FGTS e outras contribuições | C58: =D40 -> 1004.4724
A59: 2.3 | B59: Benefícios Mensais e Diários | C59: =C51 -> 967.67
A60: Total | C60: =SUM(C57:C59) -> 2416.4868
A63: Módulo 3 - Provisão para Rescisão
A65: 3 | B65: Provisão para Rescisão | C65: Valor (R$)
A66: A | B66: Aviso Prévio Indenizado e multa do FGTS | C66: ='Custo por trabalhador'!D396 -> 122.31234
A67: B | B67: Aviso Prévio Trabalhado e multa do FGTS | C67: ='Custo por trabalhador'!D438 -> 173.16817
A68: C | B68: Reversão de provisões – demissão com justa causa | C68: ='Custo por trabalhador'!D467 -> -4.4434444
A69: Total | C69: =SUM(C66:C68) -> 291.03706
A72: Módulo 4 - Custo de Reposição do Profissional Ausente
A75: Submódulo 4.1 - Ausências Legais
A77: 4.1 | B77: Ausências Legais | C77: Valor (R$)
A78: A | B78: Férias | C78: ='Custo por trabalhador'!E497*'Custo por trabalhador'!D535/12 -> 208.03016
A79: B | B79: Ausências Legais | C79: ='Custo por trabalhador'!D535*'Custo por trabalhador'!E498/12 -> 13.868677
A80: C | B80: Licença-Paternidade | C80: ='Custo por trabalhador'!E506*'Custo por trabalhador'!D535/12 -> 1.9832209
A81: D | B81: Ausência por acidente de trabalho | C81: ='Custo por trabalhador'!D535/'Custo por trabalhador'!E499/12 -> 20.055933
A82: E | B82: Afastamento Maternidade | C82: ='Custo por trabalhador'!D535*'Custo por trabalhador'!E507/12 -> 24.589165
A83: F | B83: Outros (especificar) | C83: ='Custo por trabalhador'!E546-C78-C79-C80-C81-C82 -> 22.863452
A84: Total | C84: =SUM(C78:C83) -> 291.39061
A87: Submódulo 4.2 - Intrajornada
A89: 4.2 | B89: Intrajornada | C89: Valor (R$)
A90: A | B90: Intervalo para repouso e alimentação | C90: ='Custo por trabalhador'!D574 -> 0
A91: Total | C91: =SUM(C90) -> 0
A94: Quadro-Resumo do Módulo 4 - Custo de Reposição do Profissional Ausente
A96: 4 | B96: Custo de Reposição do Profissional Ausente | C96: Valor (R$)
A97: 4.1 | B97: Ausências Legais | C97: =C84 -> 291.39061
A98: 4.2 | B98: Intrajornada | C98: =C91 -> 0
A99: Total | C99: =SUM(C97:C98) -> 291.39061
A102: Módulo 5 - Insumos Diversos
A104: 5 | B104: Insumos Diversos | C104: Valor (R$)
A105: A | B105: Uniformes | C105: ='Custo por trabalhador'!C614 -> 19.7975
A106: B | B106: Materiais | C106: 0
A107: C | B107: Custo Mensal de EPI e Demais Insumos | C107: ='Custo por trabalhador'!D637 -> 12.1765
A108: D | B108: Outros (especificar) | C108: 0
A109: Total | C109: =SUM(C105:C108) -> 31.974
A112: Módulo 6 - Custos Indiretos, Tributos e Lucro
A114: 6 | B114: Custos Indiretos, Tributos e Lucro | C114: Percentual (%) | D114: Valor (R$)
A115: A | B115: Custos Indiretos | C115: ='Custo por trabalhador'!B661 -> 0.03 | D115: ='Custo por trabalhador'!D670*'D COPACOZINHA 12X36 DIU'!C115 -> 28.155394
A116: B | B116: Lucro | C116: ='Custo por trabalhador'!B663 -> 0.0679 | D116: ='Custo por trabalhador'!E697*'Custo por trabalhador'!B663 -> 425.10876
A117: C | B117: Tributos | C117: ='Custo por trabalhador'!B662 -> 0.0565 | D117: ='Custo por trabalhador'!D697*'D COPACOZINHA 12X36 DIU'!C117 -> 408.90225
B118: C.1. Tributos Federais (PIS | C118: 0.0065 | D118: ='Custo por trabalhador'!E697*0.65% -> 40.695242
B119: C.2. Tributos Federais (COFINS | C119: 0.03 | D119: ='Custo por trabalhador'!E697*3% -> 187.82419
B120: C.3. Tributos Municipais (ISSQN) | C120: 0.02 | D120: ='Custo por trabalhador'!E697*2% -> 125.21613
A121: Total | D121: =SUM(D115:D117) -> 862.1664
A124: 2. QUADRO-RESUMO DO CUSTO POR EMPREGADO
B126: Mão de obra vinculada à execução contratual (valor por empregado) | C126: Valor (R$)
A127: A | B127: Módulo 1 - Composição da Remuneração | C127: =C16 -> 2285.2
A128: B | B128: Módulo 2 - Encargos e Benefícios Anuais, Mensais e Diários | C128: =C60 -> 2416.4868
A129: C | B129: Módulo 3 - Provisão para Rescisão | C129: =C69 -> 291.03706
A130: D | B130: Módulo 4 - Custo de Reposição do Profissional Ausente | C130: =C99 -> 291.39061
A131: E | B131: Módulo 5 - Insumos Diversos | C131: =C109 -> 31.974
A132: Subtotal (A + B +C+ D+E) | C132: =SUM(C127:C131) -> 5316.0885
A133: F | B133: Módulo 6 – Custos Indiretos, Tributos e Lucro | C133: =D121 -> 862.1664
A134: Valor Total por Empregado | C134: =C132+C133 -> 6178.2549

Sheet E COPACOZINHA 12X36 INTERMEDIAR
A1: PLANILHA DE CUSTOS E FORMAÇÃO DE PREÇOS
A2: MODELO PARA A CONSOLIDAÇÃO E APRESENTAÇÃO DE PROPOSTAS
A3: Com ajustes após publicação da Lei n° 13.467, de 2017.
A6: Módulo 1 - Composição da Remuneração
A8: 1 | B8: Composição da Remuneração | C8: Valor (R$)
A9: A | B9: Salário-Base | C9: ='Custo por trabalhador'!B16 -> 1961
A10: B | B10: Adicional de Periculosidade | C10: 0
A11: C | B11: Adicional de Insalubridade | C11: ='Custo por trabalhador'!D48 -> 324.2
A12: D | B12: Adicional Noturno | C12: ='Custo por trabalhador'!E65 -> 0
A13: E | B13: Adicional de Hora Noturna Reduzida | C13: ='Custo por trabalhador'!E79 -> 0
A15: G | B15: Outros (especificar) | C15: ='Custo por trabalhador'!D30 -> 0
A16: Total | C16: =SUM(C9:C15) -> 2285.2
A19: Módulo 2 - Encargos e Benefícios Anuais, Mensais e Diários
A21: Submódulo 2.1 - 13º (décimo terceiro) Salário, Férias e Adicional de Férias
A23: 2.1 | B23: 13º (décimo terceiro) Salário, Férias e Adicional de Férias | C23: Valor (R$)
A24: A | B24: 13º (décimo terceiro) Salário | C24: ='Custo por trabalhador'!D125 -> 190.43333
A25: B | B25: Férias e Adicional de Férias | C25: ='Custo por trabalhador'!D138+'Custo por trabalhador'!E151 -> 253.91111
A26: Total | C26: =SUM(C24:C25) -> 444.34444
A29: Submódulo 2.2 - Encargos Previdenciários (GPS), Fundo de Garantia por Tempo de Serviço (FGTS) e outras contribuições.
A31: 2.2 | B31: GPS, FGTS e outras contribuições | C31: Percentual (%) | D31: Valor (R$)
A32: A | B32: INSS | C32: 0.2 | D32: =(C26+C16)*C32 -> 545.90889
A33: B | B33: Salário Educação | C33: 0.025 | D33: =($C$26+$C$16)*C33 -> 68.238611
A34: C | B34: SAT | C34: ='Custo por trabalhador'!B178 -> 0.03 | D34: =($C$26+$C$16)*C34 -> 81.886333
A35: D | B35: SESC ou SESI | C35: 0.015 | D35: =($C$26+$C$16)*C35 -> 40.943167
A36: E | B36: SENAI - SENAC | C36: 0.01 | D36: =($C$26+$C$16)*C36 -> 27.295444
A37: F | B37: SEBRAE | C37: 0.006 | D37: =($C$26+$C$16)*C37 -> 16.377267
A38: G | B38: INCRA | C38: 0.002 | D38: =($C$26+$C$16)*C38 -> 5.4590889
A39: H | B39: FGTS | C39: 0.08 | D39: =($C$26+$C$16)*C39 -> 218.36356
A40: Total | C40: =SUM(C32:C39) -> 0.368 | D40: =SUM(D32:D39) -> 1004.4724
A43: Submódulo 2.3 - Benefícios Mensais e Diários.
A45: 2.3 | B45: Benefícios Mensais e Diários | C45: Valor (R$)
A46: A | B46: Transporte | C46: ='Custo por trabalhador'!D260 -> 91.17
A47: B | B47: Auxílio-Refeição/Alimentação | C47: ='Custo por trabalhador'!D300 -> 720
A48: C | B48: ='Custo por trabalhador'!D323 -> Auxílio Saúde | C48: ='Custo por trabalhador'!B315 -> 94.5
A49: D | B49: ='Custo por trabalhador'!E323 -> Benefício Social Familiar | C49: ='Custo por trabalhador'!C315 -> 31
A50: E | B50: ='Custo por trabalhador'!F323 -> Fundo de Formação Profissional | C50: ='Custo por trabalhador'!D316 -> 31
A51: Total | C51: =SUM(C46:C50) -> 967.67
A54: Quadro-Resumo do Módulo 2 - Encargos e Benefícios anuais, mensais e diários
A56: 2 | B56: Encargos e Benefícios Anuais, Mensais e Diários | C56: Valor (R$)
A57: 2.1 | B57: 13º (décimo terceiro) Salário, Férias e Adicional de Férias | C57: =C26 -> 444.34444
A58: 2.2 | B58: GPS, FGTS e outras contribuições | C58: =D40 -> 1004.4724
A59: 2.3 | B59: Benefícios Mensais e Diários | C59: =C51 -> 967.67
A60: Total | C60: =SUM(C57:C59) -> 2416.4868
A63: Módulo 3 - Provisão para Rescisão
A65: 3 | B65: Provisão para Rescisão | C65: Valor (R$)
A66: A | B66: Aviso Prévio Indenizado e multa do FGTS | C66: ='Custo por trabalhador'!D397 -> 122.31234
A67: B | B67: Aviso Prévio Trabalhado e multa do FGTS | C67: ='Custo por trabalhador'!D439 -> 173.16817
A68: C | B68: Reversão de provisões – demissão com justa causa | C68: ='Custo por trabalhador'!D468 -> -4.4434444
A69: Total | C69: =SUM(C66:C68) -> 291.03706
A72: Módulo 4 - Custo de Reposição do Profissional Ausente
A75: Submódulo 4.1 - Ausências Legais
A77: 4.1 | B77: Ausências Legais | C77: Valor (R$)
A78: A | B78: Férias | C78: ='Custo por trabalhador'!E497*'Custo por trabalhador'!D536/12 -> 208.03016
A79: B | B79: Ausências Legais | C79: ='Custo por trabalhador'!D536*'Custo por trabalhador'!E498/12 -> 13.868677
A80: C | B80: Licença-Paternidade | C80: ='Custo por trabalhador'!E506*'Custo por trabalhador'!D536/12 -> 1.9832209
A81: D | B81: Ausência por acidente de trabalho | C81: ='Custo por trabalhador'!D536/'Custo por trabalhador'!E499/12 -> 20.055933
A82: E | B82: Afastamento Maternidade | C82: ='Custo por trabalhador'!D536*'Custo por trabalhador'!E507/12 -> 24.589165
A83: F | B83: Outros (especificar) | C83: ='Custo por trabalhador'!E546-C78-C79-C80-C81-C82 -> 22.863452
A84: Total | C84: =SUM(C78:C83) -> 291.39061
A87: Submódulo 4.2 - Intrajornada
A89: 4.2 | B89: Intrajornada | C89: Valor (R$)
A90: A | B90: Intervalo para repouso e alimentação | C90: ='Custo por trabalhador'!D574 -> 0
A91: Total | C91: =SUM(C90) -> 0
A94: Quadro-Resumo do Módulo 4 - Custo de Reposição do Profissional Ausente
A96: 4 | B96: Custo de Reposição do Profissional Ausente | C96: Valor (R$)
A97: 4.1 | B97: Ausências Legais | C97: =C84 -> 291.39061
A98: 4.2 | B98: Intrajornada | C98: =C91 -> 0
A99: Total | C99: =SUM(C97:C98) -> 291.39061
A102: Módulo 5 - Insumos Diversos
A104: 5 | B104: Insumos Diversos | C104: Valor (R$)
A105: A | B105: Uniformes | C105: ='Custo por trabalhador'!C615 -> 19.7975
A106: B | B106: Materiais | C106: 0
A107: C | B107: Custo Mensal de EPI e Demais Insumos | C107: ='Custo por trabalhador'!D638 -> 12.1765
A108: D | B108: Outros (especificar) | C108: 0
A109: Total | C109: =SUM(C105:C108) -> 31.974
A112: Módulo 6 - Custos Indiretos, Tributos e Lucro
A114: 6 | B114: Custos Indiretos, Tributos e Lucro | C114: Percentual (%) | D114: Valor (R$)
A115: A | B115: Custos Indiretos | C115: ='Custo por trabalhador'!B661 -> 0.03 | D115: ='Custo por trabalhador'!D671*'E COPACOZINHA 12X36 INTERMEDIAR'!C115 -> 28.155394
A116: B | B116: Lucro | C116: ='Custo por trabalhador'!B663 -> 0.0679 | D116: ='Custo por trabalhador'!F697*'Custo por trabalhador'!B663 -> 425.10876
A117: C | B117: Tributos | C117: ='Custo por trabalhador'!B662 -> 0.0565 | D117: ='Custo por trabalhador'!F697*'E COPACOZINHA 12X36 INTERMEDIAR'!C117 -> 353.73556
B118: C.1. Tributos Federais (PIS | C118: 0.0065 | D118: ='Custo por trabalhador'!F697*0.65% -> 40.695242
B119: C.2. Tributos Federais (COFINS | C119: 0.03 | D119: ='Custo por trabalhador'!F697*3% -> 187.82419
B120: C.3. Tributos Municipais (ISSQN) | C120: 0.02 | D120: ='Custo por trabalhador'!F697*2% -> 125.21613
A121: Total | D121: =SUM(D115:D117) -> 806.99972
A124: 2. QUADRO-RESUMO DO CUSTO POR EMPREGADO
B126: Mão de obra vinculada à execução contratual (valor por empregado) | C126: Valor (R$)
A127: A | B127: Módulo 1 - Composição da Remuneração | C127: =C16 -> 2285.2
A128: B | B128: Módulo 2 - Encargos e Benefícios Anuais, Mensais e Diários | C128: =C60 -> 2416.4868
A129: C | B129: Módulo 3 - Provisão para Rescisão | C129: =C69 -> 291.03706
A130: D | B130: Módulo 4 - Custo de Reposição do Profissional Ausente | C130: =C99 -> 291.39061
A131: E | B131: Módulo 5 - Insumos Diversos | C131: =C109 -> 31.974
A132: Subtotal (A + B +C+ D+E) | C132: =SUM(C127:C131) -> 5316.0885
A133: F | B133: Módulo 6 – Custos Indiretos, Tributos e Lucro | C133: =D121 -> 806.99972
A134: Valor Total por Empregado | C134: =C132+C133 -> 6123.0882

Sheet F COPACOZINHA 12X36 NOTURNO
A1: PLANILHA DE CUSTOS E FORMAÇÃO DE PREÇOS
A2: MODELO PARA A CONSOLIDAÇÃO E APRESENTAÇÃO DE PROPOSTAS
A3: Com ajustes após publicação da Lei n° 13.467, de 2017.
A6: Módulo 1 - Composição da Remuneração
A8: 1 | B8: Composição da Remuneração | C8: Valor (R$)
A9: A | B9: Salário-Base | C9: ='Custo por trabalhador'!B17 -> 1961
A10: B | B10: Adicional de Periculosidade | C10: 0
A11: C | B11: Adicional de Insalubridade | C11: ='Custo por trabalhador'!D49 -> 324.2
A12: D | B12: Adicional Noturno | C12: ='Custo por trabalhador'!E66 -> 114.26
A13: E | B13: Adicional de Hora Noturna Reduzida | C13: ='Custo por trabalhador'!E80 -> 97.937143
A15: G | B15: Outros (especificar) | C15: ='Custo por trabalhador'!D30 -> 0
A16: Total | C16: =SUM(C9:C15) -> 2497.3971
A19: Módulo 2 - Encargos e Benefícios Anuais, Mensais e Diários
A21: Submódulo 2.1 - 13º (décimo terceiro) Salário, Férias e Adicional de Férias
A23: 2.1 | B23: 13º (décimo terceiro) Salário, Férias e Adicional de Férias | C23: Valor (R$)
A24: A | B24: 13º (décimo terceiro) Salário | C24: ='Custo por trabalhador'!D126 -> 208.11643
A25: B | B25: Férias e Adicional de Férias | C25: ='Custo por trabalhador'!D139+'Custo por trabalhador'!E152 -> 277.48857
A26: Total | C26: =SUM(C24:C25) -> 485.605
A29: Submódulo 2.2 - Encargos Previdenciários (GPS), Fundo de Garantia por Tempo de Serviço (FGTS) e outras contribuições.
A31: 2.2 | B31: GPS, FGTS e outras contribuições | C31: Percentual (%) | D31: Valor (R$)
A32: A | B32: INSS | C32: 0.2 | D32: =(C26+C16)*C32 -> 596.60043
A33: B | B33: Salário Educação | C33: 0.025 | D33: =($C$26+$C$16)*C33 -> 74.575054
A34: C | B34: SAT | C34: ='Custo por trabalhador'!B178 -> 0.03 | D34: =($C$26+$C$16)*C34 -> 89.490064
A35: D | B35: SESC ou SESI | C35: 0.015 | D35: =($C$26+$C$16)*C35 -> 44.745032
A36: E | B36: SENAI - SENAC | C36: 0.01 | D36: =($C$26+$C$16)*C36 -> 29.830021
A37: F | B37: SEBRAE | C37: 0.006 | D37: =($C$26+$C$16)*C37 -> 17.898013
A38: G | B38: INCRA | C38: 0.002 | D38: =($C$26+$C$16)*C38 -> 5.9660043
A39: H | B39: FGTS | C39: 0.08 | D39: =($C$26+$C$16)*C39 -> 238.64017
A40: Total | C40: =SUM(C32:C39) -> 0.368 | D40: =SUM(D32:D39) -> 1097.7448
A43: Submódulo 2.3 - Benefícios Mensais e Diários.
A45: 2.3 | B45: Benefícios Mensais e Diários | C45: Valor (R$)
A46: A | B46: Transporte | C46: ='Custo por trabalhador'!D261 -> 91.17
A47: B | B47: Auxílio-Refeição/Alimentação | C47: ='Custo por trabalhador'!D301 -> 720
A48: C | B48: ='Custo por trabalhador'!D323 -> Auxílio Saúde | C48: ='Custo por trabalhador'!B316 -> 94.5
A49: D | B49: ='Custo por trabalhador'!E323 -> Benefício Social Familiar | C49: ='Custo por trabalhador'!C316 -> 31
A50: E | B50: ='Custo por trabalhador'!F323 -> Fundo de Formação Profissional | C50: ='Custo por trabalhador'!D316 -> 31
A51: Total | C51: =SUM(C46:C50) -> 967.67
A54: Quadro-Resumo do Módulo 2 - Encargos e Benefícios anuais, mensais e diários
A56: 2 | B56: Encargos e Benefícios Anuais, Mensais e Diários | C56: Valor (R$)
A57: 2.1 | B57: 13º (décimo terceiro) Salário, Férias e Adicional de Férias | C57: =C26 -> 485.605
A58: 2.2 | B58: GPS, FGTS e outras contribuições | C58: =D40 -> 1097.7448
A59: 2.3 | B59: Benefícios Mensais e Diários | C59: =C51 -> 967.67
A60: Total | C60: =SUM(C57:C59) -> 2551.0198
A63: Módulo 3 - Provisão para Rescisão
A65: 3 | B65: Provisão para Rescisão | C65: Valor (R$)
A66: A | B66: Aviso Prévio Indenizado e multa do FGTS | C66: ='Custo por trabalhador'!D398 -> 131.45577
A67: B | B67: Aviso Prévio Trabalhado e multa do FGTS | C67: ='Custo por trabalhador'!D440 -> 186.54189
A68: C | B68: Reversão de provisões – demissão com justa causa | C68: ='Custo por trabalhador'!D468 -> -4.4434444
A69: Total | C69: =SUM(C66:C68) -> 313.55422
A72: Módulo 4 - Custo de Reposição do Profissional Ausente
A75: Submódulo 4.1 - Ausências Legais
A77: 4.1 | B77: Ausências Legais | C77: Valor (R$)
A78: A | B78: Férias | C78: ='Custo por trabalhador'!E497*'Custo por trabalhador'!D537/12 -> 223.39827
A79: B | B79: Ausências Legais | C79: ='Custo por trabalhador'!D537*'Custo por trabalhador'!E498/12 -> 14.893218
A80: C | B80: Licença-Paternidade | C80: ='Custo por trabalhador'!E506*'Custo por trabalhador'!D537/12 -> 2.1297302
A81: D | B81: Ausência por acidente de trabalho | C81: ='Custo por trabalhador'!D537/'Custo por trabalhador'!E499/12 -> 21.537553
A82: E | B82: Afastamento Maternidade | C82: ='Custo por trabalhador'!D537*'Custo por trabalhador'!E507/12 -> 26.405676
A83: F | B83: Outros (especificar) | C83: ='Custo por trabalhador'!E546-C78-C79-C80-C81-C82 -> 3.0261585
A84: Total | C84: =SUM(C78:C83) -> 291.39061
A87: Submódulo 4.2 - Intrajornada
A89: 4.2 | B89: Intrajornada | C89: Valor (R$)
A90: A | B90: Intervalo para repouso e alimentação | C90: ='Custo por trabalhador'!D574 -> 0
A91: Total | C91: =SUM(C90) -> 0
A94: Quadro-Resumo do Módulo 4 - Custo de Reposição do Profissional Ausente
A96: 4 | B96: Custo de Reposição do Profissional Ausente | C96: Valor (R$)
A97: 4.1 | B97: Ausências Legais | C97: =C84 -> 291.39061
A98: 4.2 | B98: Intrajornada | C98: =C91 -> 0
A99: Total | C99: =SUM(C97:C98) -> 291.39061
A102: Módulo 5 - Insumos Diversos
A104: 5 | B104: Insumos Diversos | C104: Valor (R$)
A105: A | B105: Uniformes | C105: ='Custo por trabalhador'!C616 -> 19.7975
A106: B | B106: Materiais | C106: 0
A107: C | B107: Custo Mensal de EPI e Demais Insumos | C107: ='Custo por trabalhador'!D639 -> 12.1765
A108: D | B108: Outros (especificar) | C108: 0
A109: Total | C109: =SUM(C105:C108) -> 31.974
A112: Módulo 6 - Custos Indiretos, Tributos e Lucro
A114: 6 | B114: Custos Indiretos, Tributos e Lucro | C114: Percentual (%) | D114: Valor (R$)
A115: A | B115: Custos Indiretos | C115: ='Custo por trabalhador'!B661 -> 0.03 | D115: ='Custo por trabalhador'!D672*'F COPACOZINHA 12X36 NOTURNO'!C115 -> 30.222862
A116: B | B116: Lucro | C116: ='Custo por trabalhador'!B663 -> 0.0679 | D116: ='Custo por trabalhador'!G697*'Custo por trabalhador'!B663 -> 456.32476
A117: C | B117: Tributos | C117: ='Custo por trabalhador'!B662 -> 0.0565 | D117: ='Custo por trabalhador'!G697*'F COPACOZINHA 12X36 NOTURNO'!C117 -> 379.71059
B118: C.1. Tributos Federais (PIS | C118: 0.0065 | D118: ='Custo por trabalhador'!G697*0.65% -> 43.683519
B119: C.2. Tributos Federais (COFINS | C119: 0.03 | D119: ='Custo por trabalhador'!G697*3% -> 201.61624
B120: C.3. Tributos Municipais (ISSQN) | C120: 0.02 | D120: ='Custo por trabalhador'!G697*2% -> 134.41083
A121: Total | D121: =SUM(D115:D117) -> 866.25822
A124: 2. QUADRO-RESUMO DO CUSTO POR EMPREGADO
B126: Mão de obra vinculada à execução contratual (valor por empregado) | C126: Valor (R$)
A127: A | B127: Módulo 1 - Composição da Remuneração | C127: =C16 -> 2497.3971
A128: B | B128: Módulo 2 - Encargos e Benefícios Anuais, Mensais e Diários | C128: =C60 -> 2551.0198
A129: C | B129: Módulo 3 - Provisão para Rescisão | C129: =C69 -> 313.55422
A130: D | B130: Módulo 4 - Custo de Reposição do Profissional Ausente | C130: =C99 -> 291.39061
A131: E | B131: Módulo 5 - Insumos Diversos | C131: =C109 -> 31.974
A132: Subtotal (A + B +C+ D+E) | C132: =SUM(C127:C131) -> 5685.3358
A133: F | B133: Módulo 6 – Custos Indiretos, Tributos e Lucro | C133: =D121 -> 866.25822
A134: Valor Total por Empregado | C134: =C132+C133 -> 6551.594

Sheet G COPACOZINHA 40H
A1: PLANILHA DE CUSTOS E FORMAÇÃO DE PREÇOS
A2: MODELO PARA A CONSOLIDAÇÃO E APRESENTAÇÃO DE PROPOSTAS
A3: Com ajustes após publicação da Lei n° 13.467, de 2017.
A6: Módulo 1 - Composição da Remuneração
A8: 1 | B8: Composição da Remuneração | C8: Valor (R$)
A9: A | B9: Salário-Base | C9: ='Custo por trabalhador'!B18 -> 1961
A10: B | B10: Adicional de Periculosidade | C10: 0
A11: C | B11: Adicional de Insalubridade | C11: ='Custo por trabalhador'!D50 -> 324.2
A12: D | B12: Adicional Noturno | C12: ='Custo por trabalhador'!E61 -> 0
A13: E | B13: Adicional de Hora Noturna Reduzida | C13: ='Custo por trabalhador'!E75 -> 0
A15: G | B15: Outros (especificar) | C15: ='Custo por trabalhador'!D28 -> 0
A16: Total | C16: =SUM(C9:C15) -> 2285.2
A19: Módulo 2 - Encargos e Benefícios Anuais, Mensais e Diários
A21: Submódulo 2.1 - 13º (décimo terceiro) Salário, Férias e Adicional de Férias
A23: 2.1 | B23: 13º (décimo terceiro) Salário, Férias e Adicional de Férias | C23: Valor (R$)
A24: A | B24: 13º (décimo terceiro) Salário | C24: ='Custo por trabalhador'!D127 -> 190.43333
A25: B | B25: Férias e Adicional de Férias | C25: ='Custo por trabalhador'!C166+'Custo por trabalhador'!D166 -> 253.91111
A26: Total | C26: =SUM(C24:C25) -> 444.34444
A29: Submódulo 2.2 - Encargos Previdenciários (GPS), Fundo de Garantia por Tempo de Serviço (FGTS) e outras contribuições.
A31: 2.2 | B31: GPS, FGTS e outras contribuições | C31: Percentual (%) | D31: Valor (R$)
A32: A | B32: INSS | C32: 0.2 | D32: =(C26+C16)*C32 -> 545.90889
A33: B | B33: Salário Educação | C33: 0.025 | D33: =($C$26+$C$16)*C33 -> 68.238611
A34: C | B34: SAT | C34: ='Custo por trabalhador'!B178 -> 0.03 | D34: =($C$26+$C$16)*C34 -> 81.886333
A35: D | B35: SESC ou SESI | C35: 0.015 | D35: =($C$26+$C$16)*C35 -> 40.943167
A36: E | B36: SENAI - SENAC | C36: 0.01 | D36: =($C$26+$C$16)*C36 -> 27.295444
A37: F | B37: SEBRAE | C37: 0.006 | D37: =($C$26+$C$16)*C37 -> 16.377267
A38: G | B38: INCRA | C38: 0.002 | D38: =($C$26+$C$16)*C38 -> 5.4590889
A39: H | B39: FGTS | C39: 0.08 | D39: =($C$26+$C$16)*C39 -> 218.36356
A40: Total | C40: =SUM(C32:C39) -> 0.368 | D40: =SUM(D32:D39) -> 1004.4724
A43: Submódulo 2.3 - Benefícios Mensais e Diários.
A45: 2.3 | B45: Benefícios Mensais e Diários | C45: Valor (R$)
A46: A | B46: Transporte | C46: ='Custo por trabalhador'!D261 -> 91.17
A47: B | B47: Auxílio-Refeição/Alimentação | C47: ='Custo por trabalhador'!D301 -> 720
A48: C | B48: ='Custo por trabalhador'!D323 -> Auxílio Saúde | C48: ='Custo por trabalhador'!B317 -> 94.5
A49: D | B49: ='Custo por trabalhador'!E323 -> Benefício Social Familiar | C49: ='Custo por trabalhador'!C317 -> 31
A50: E | B50: ='Custo por trabalhador'!F323 -> Fundo de Formação Profissional | C50: ='Custo por trabalhador'!D317 -> 31
A51: Total | C51: =SUM(C46:C50) -> 967.67
A54: Quadro-Resumo do Módulo 2 - Encargos e Benefícios anuais, mensais e diários
A56: 2 | B56: Encargos e Benefícios Anuais, Mensais e Diários | C56: Valor (R$)
A57: 2.1 | B57: 13º (décimo terceiro) Salário, Férias e Adicional de Férias | C57: =C26 -> 444.34444
A58: 2.2 | B58: GPS, FGTS e outras contribuições | C58: =D40 -> 1004.4724
A59: 2.3 | B59: Benefícios Mensais e Diários | C59: =C51 -> 967.67
A60: Total | C60: =SUM(C57:C59) -> 2416.4868
A63: Módulo 3 - Provisão para Rescisão
A65: 3 | B65: Provisão para Rescisão | C65: Valor (R$)
A66: A | B66: Aviso Prévio Indenizado e multa do FGTS | C66: ='Custo por trabalhador'!D398 -> 131.45577
A67: B | B67: Aviso Prévio Trabalhado e multa do FGTS | C67: ='Custo por trabalhador'!D440 -> 186.54189
A68: C | B68: Reversão de provisões – demissão com justa causa | C68: ='Custo por trabalhador'!D469 -> -4.85605
A69: Total | C69: =SUM(C66:C68) -> 313.14162
A72: Módulo 4 - Custo de Reposição do Profissional Ausente
A75: Submódulo 4.1 - Ausências Legais
A77: 4.1 | B77: Ausências Legais | C77: Valor (R$)
A78: A | B78: Férias | C78: ='Custo por trabalhador'!G497*'Custo por trabalhador'!D537/12 -> 312.14553
A79: B | B79: Ausências Legais | C79: ='Custo por trabalhador'!D537*'Custo por trabalhador'!C498/12 -> 14.893218
A80: C | B80: Licença-Paternidade | C80: ='Custo por trabalhador'!D537*'Custo por trabalhador'!G506/12 -> 2.9757874
A81: D | B81: Ausência por acidente de trabalho | C81: ='Custo por trabalhador'!D537*'Custo por trabalhador'!G499/12 -> 14.389909
A82: E | B82: Afastamento Maternidade | C82: ='Custo por trabalhador'!D537*'Custo por trabalhador'!G507/12 -> 36.895602
A83: F | B83: Outros (especificar) | C83: ='Custo por trabalhador'!E545-C78-C79-C80-C81-C82 -> -3.5968496
A84: Total | C84: =SUM(C78:C83) -> 377.7032
A87: Submódulo 4.2 - Intrajornada
A89: 4.2 | B89: Intrajornada | C89: Valor (R$)
A90: A | B90: Intervalo para repouso e alimentação | C90: ='Custo por trabalhador'!D574 -> 0
A91: Total | C91: =SUM(C90) -> 0
A94: Quadro-Resumo do Módulo 4 - Custo de Reposição do Profissional Ausente
A96: 4 | B96: Custo de Reposição do Profissional Ausente | C96: Valor (R$)
A97: 4.1 | B97: Ausências Legais | C97: =C84 -> 377.7032
A98: 4.2 | B98: Intrajornada | C98: =C91 -> 0
A99: Total | C99: =SUM(C97:C98) -> 377.7032
A102: Módulo 5 - Insumos Diversos
A104: 5 | B104: Insumos Diversos | C104: Valor (R$)
A105: A | B105: Uniformes | C105: ='Custo por trabalhador'!C616 -> 19.7975
A106: B | B106: Materiais | C106: 0
A107: C | B107: CUSTO MENSAL DE EPIs E INSUMOS DE USO INDIVIDUAL | C107: ='Custo por trabalhador'!D639 -> 12.1765
A108: D | B108: Outros (especificar) | C108: 0
A109: Total | C109: =SUM(C105:C108) -> 31.974
A112: Módulo 6 - Custos Indiretos, Tributos e Lucro
A114: 6 | B114: Custos Indiretos, Tributos e Lucro | C114: Percentual (%) | D114: Valor (R$)
A115: A | B115: Custos Indiretos | C115: ='Custo por trabalhador'!B661 -> 0.03 | D115: ='Custo por trabalhador'!B672*'G COPACOZINHA 40H'!C115 -> 171.39338
A116: B | B116: Lucro | C116: ='Custo por trabalhador'!B663 -> 0.0679 | D116: ='Custo por trabalhador'!H697*'Custo por trabalhador'!B663 -> 435.05853
A117: C | B117: Tributos | C117: ='Custo por trabalhador'!B662 -> 0.0565 | D117: ='Custo por trabalhador'!H697*'G COPACOZINHA 40H'!C117 -> 362.01483
B118: C.1. Tributos Federais (PIS | C118: 0.0065 | D118: ='Custo por trabalhador'!H697*0.65% -> 41.647724
B119: C.2. Tributos Federais (COFINS | C119: 0.03 | D119: ='Custo por trabalhador'!H697*3% -> 192.22026
B120: C.3. Tributos Municipais (ISSQN) | C120: 0.02 | D120: ='Custo por trabalhador'!H697*2% -> 128.14684
A121: Total | D121: =SUM(D115:D117) -> 968.46675
A124: 2. QUADRO-RESUMO DO CUSTO POR EMPREGADO
B126: Mão de obra vinculada à execução contratual (valor por empregado) | C126: Valor (R$)
A127: A | B127: Módulo 1 - Composição da Remuneração | C127: =C16 -> 2285.2
A128: B | B128: Módulo 2 - Encargos e Benefícios Anuais, Mensais e Diários | C128: =C60 -> 2416.4868
A129: C | B129: Módulo 3 - Provisão para Rescisão | C129: =C69 -> 313.14162
A130: D | B130: Módulo 4 - Custo de Reposição do Profissional Ausente | C130: =C99 -> 377.7032
A131: E | B131: Módulo 5 - Insumos Diversos | C131: =C109 -> 31.974
A132: Subtotal (A + B +C+ D+E) | C132: =SUM(C127:C131) -> 5424.5056
A133: F | B133: Módulo 6 – Custos Indiretos, Tributos e Lucro | C133: =D121 -> 968.46675
A134: Valor Total por Empregado | C134: =C132+C133 -> 6392.9724

Sheet H SERV GERAIS HIGI COPA 40H
A1: PLANILHA DE CUSTOS E FORMAÇÃO DE PREÇOS
A2: MODELO PARA A CONSOLIDAÇÃO E APRESENTAÇÃO DE PROPOSTAS
A3: Com ajustes após publicação da Lei n° 13.467, de 2017.
A6: Módulo 1 - Composição da Remuneração
A8: 1 | B8: Composição da Remuneração | C8: Valor (R$)
A9: A | B9: Salário-Base | C9: ='Custo por trabalhador'!B19 -> 1727.2727
A10: B | B10: Adicional de Periculosidade | C10: 0
A11: C | B11: Adicional de Insalubridade | C11: ='Custo por trabalhador'!D51 -> 324.2
A12: D | B12: Adicional Noturno | C12: ='Custo por trabalhador'!E61 -> 0
A13: E | B13: Adicional de Hora Noturna Reduzida | C13: ='Custo por trabalhador'!E75 -> 0
A15: G | B15: Outros (Gratificação Função COPA) | C15: ='Custo por trabalhador'!D35 -> 131
A16: Total | C16: =SUM(C9:C15) -> 2182.4727
A19: Módulo 2 - Encargos e Benefícios Anuais, Mensais e Diários
A21: Submódulo 2.1 - 13º (décimo terceiro) Salário, Férias e Adicional de Férias
A23: 2.1 | B23: 13º (décimo terceiro) Salário, Férias e Adicional de Férias | C23: Valor (R$)
A24: A | B24: 13º (décimo terceiro) Salário | C24: ='Custo por trabalhador'!D128 -> 181.87273
A25: B | B25: Férias e Adicional de Férias | C25: ='Custo por trabalhador'!D141+'Custo por trabalhador'!E154 -> 242.49697
A26: Total | C26: =SUM(C24:C25) -> 424.3697
A29: Submódulo 2.2 - Encargos Previdenciários (GPS), Fundo de Garantia por Tempo de Serviço (FGTS) e outras contribuições.
A31: 2.2 | B31: GPS, FGTS e outras contribuições | C31: Percentual (%) | D31: Valor (R$)
A32: A | B32: INSS | C32: 0.2 | D32: =(C26+C16)*C32 -> 521.36848
A33: B | B33: Salário Educação | C33: 0.025 | D33: =($C$26+$C$16)*C33 -> 65.171061
A34: C | B34: SAT | C34: ='Custo por trabalhador'!B178 -> 0.03 | D34: =($C$26+$C$16)*C34 -> 78.205273
A35: D | B35: SESC ou SESI | C35: 0.015 | D35: =($C$26+$C$16)*C35 -> 39.102636
A36: E | B36: SENAI - SENAC | C36: 0.01 | D36: =($C$26+$C$16)*C36 -> 26.068424
A37: F | B37: SEBRAE | C37: 0.006 | D37: =($C$26+$C$16)*C37 -> 15.641055
A38: G | B38: INCRA | C38: 0.002 | D38: =($C$26+$C$16)*C38 -> 5.2136848
A39: H | B39: FGTS | C39: 0.08 | D39: =($C$26+$C$16)*C39 -> 208.54739
A40: Total | C40: =SUM(C32:C39) -> 0.368 | D40: =SUM(D32:D39) -> 959.31801
A43: Submódulo 2.3 - Benefícios Mensais e Diários.
A45: 2.3 | B45: Benefícios Mensais e Diários | C45: Valor (R$)
A46: A | B46: Transporte | C46: ='Custo por trabalhador'!D263 -> 116.36364
A47: B | B47: Auxílio-Refeição/Alimentação | C47: ='Custo por trabalhador'!D303 -> 720
A48: C | B48: ='Custo por trabalhador'!D323 -> Auxílio Saúde | C48: ='Custo por trabalhador'!B318 -> 94.5
A49: D | B49: ='Custo por trabalhador'!E323 -> Benefício Social Familiar | C49: ='Custo por trabalhador'!C318 -> 31
A50: E | B50: ='Custo por trabalhador'!F323 -> Fundo de Formação Profissional | C50: ='Custo por trabalhador'!D318 -> 31
A51: Total | C51: =SUM(C46:C50) -> 992.86364
A54: Quadro-Resumo do Módulo 2 - Encargos e Benefícios anuais, mensais e diários
A56: 2 | B56: Encargos e Benefícios Anuais, Mensais e Diários | C56: Valor (R$)
A57: 2.1 | B57: 13º (décimo terceiro) Salário, Férias e Adicional de Férias | C57: =C26 -> 424.3697
A58: 2.2 | B58: GPS, FGTS e outras contribuições | C58: =D40 -> 959.31801
A59: 2.3 | B59: Benefícios Mensais e Diários | C59: =C51 -> 992.86364
A60: Total | C60: =SUM(C57:C59) -> 2376.5513
A63: Módulo 3 - Provisão para Rescisão
A65: 3 | B65: Provisão para Rescisão | C65: Valor (R$)
A66: A | B66: Aviso Prévio Indenizado e multa do FGTS | C66: ='Custo por trabalhador'!D400 -> 118.50669
A67: B | B67: Aviso Prévio Trabalhado e multa do FGTS | C67: ='Custo por trabalhador'!D442 -> 167.45254
A68: C | B68: Reversão de provisões – demissão com justa causa | C68: ='Custo por trabalhador'!D471 -> -4.243697
A69: Total | C69: =SUM(C66:C68) -> 281.71553
A72: Módulo 4 - Custo de Reposição do Profissional Ausente
A75: Submódulo 4.1 - Ausências Legais
A77: 4.1 | B77: Ausências Legais | C77: Valor (R$)
A78: A | B78: Férias | C78: ='Custo por trabalhador'!G497*'Custo por trabalhador'!D539/12 -> 281.82388
A79: B | B79: Ausências Legais | C79: ='Custo por trabalhador'!D539*'Custo por trabalhador'!C498/12 -> 13.446499
A80: C | B80: Licença-Paternidade | C80: ='Custo por trabalhador'!D539*'Custo por trabalhador'!G506/12 -> 2.686721
A81: D | B81: Ausência por acidente de trabalho | C81: ='Custo por trabalhador'!D539*'Custo por trabalhador'!G499/12 -> 12.992081
A82: E | B82: Afastamento Maternidade | C82: ='Custo por trabalhador'!D539*'Custo por trabalhador'!G507/12 -> 33.311583
A83: F | B83: Outros (especificar) | C83: ='Custo por trabalhador'!E545-C78-C79-C80-C81-C82 -> 33.442434
A84: Total | C84: =SUM(C78:C83) -> 377.7032
A87: Submódulo 4.2 - Intrajornada
A89: 4.2 | B89: Intrajornada | C89: Valor (R$)
A90: A | B90: Intervalo para repouso e alimentação | C90: ='Custo por trabalhador'!D574 -> 0
A91: Total | C91: =SUM(C90) -> 0
A94: Quadro-Resumo do Módulo 4 - Custo de Reposição do Profissional Ausente
A96: 4 | B96: Custo de Reposição do Profissional Ausente | C96: Valor (R$)
A97: 4.1 | B97: Ausências Legais | C97: =C84 -> 377.7032
A98: 4.2 | B98: Intrajornada | C98: =C91 -> 0
A99: Total | C99: =SUM(C97:C98) -> 377.7032
A102: Módulo 5 - Insumos Diversos
A104: 5 | B104: Insumos Diversos | C104: Valor (R$)
A105: A | B105: Uniformes | C105: ='Custo por trabalhador'!C618 -> 19.7975
A106: B | B106: Materiais | C106: 0
A107: C | B107: CUSTO MENSAL DE EPIs E INSUMOS DE USO INDIVIDUAL | C107: ='Custo por trabalhador'!D641 -> 84.307833
A108: D | B108: Outros (especificar) | C108: 0
A109: Total | C109: =SUM(C105:C108) -> 104.10533
A112: Módulo 6 - Custos Indiretos, Tributos e Lucro
A114: 6 | B114: Custos Indiretos, Tributos e Lucro | C114: Percentual (%) | D114: Valor (R$)
A115: A | B115: Custos Indiretos | C115: ='Custo por trabalhador'!B661 -> 0.03 | D115: ='Custo por trabalhador'!B674*'H SERV GERAIS HIGI COPA 40H'!C115 -> 160.23575
A116: B | B116: Lucro | C116: ='Custo por trabalhador'!B663 -> 0.0679 | D116: ='Custo por trabalhador'!I697*'Custo por trabalhador'!B663 -> 426.61823
A117: C | B117: Tributos | C117: ='Custo por trabalhador'!B662 -> 0.0565 | D117: ='Custo por trabalhador'!I697*'H SERV GERAIS HIGI COPA 40H'!C117 -> 354.9916
B118: C.1. Tributos Federais (PIS | C118: 0.0065 | D118: ='Custo por trabalhador'!I697*0.65% -> 40.839742
B119: C.2. Tributos Federais (COFINS | C119: 0.03 | D119: ='Custo por trabalhador'!I697*3% -> 188.49112
B120: C.3. Tributos Municipais (ISSQN) | C120: 0.02 | D120: ='Custo por trabalhador'!I697*2% -> 125.66074
A121: Total | D121: =SUM(D115:D117) -> 941.84558
A124: 2. QUADRO-RESUMO DO CUSTO POR EMPREGADO
B126: Mão de obra vinculada à execução contratual (valor por empregado) | C126: Valor (R$)
A127: A | B127: Módulo 1 - Composição da Remuneração | C127: =C16 -> 2182.4727
A128: B | B128: Módulo 2 - Encargos e Benefícios Anuais, Mensais e Diários | C128: =C60 -> 2376.5513
A129: C | B129: Módulo 3 - Provisão para Rescisão | C129: =C69 -> 281.71553
A130: D | B130: Módulo 4 - Custo de Reposição do Profissional Ausente | C130: =C99 -> 377.7032
A131: E | B131: Módulo 5 - Insumos Diversos | C131: =C109 -> 104.10533
A132: Subtotal (A + B +C+ D+E) | C132: =SUM(C127:C131) -> 5322.5481
A133: F | B133: Módulo 6 – Custos Indiretos, Tributos e Lucro | C133: =D121 -> 941.84558
A134: Valor Total por Empregado | C134: =C132+C133 -> 6264.3937

Sheet I SUPERVISOR UPA
A1: PLANILHA DE CUSTOS E FORMAÇÃO DE PREÇOS
A2: MODELO PARA A CONSOLIDAÇÃO E APRESENTAÇÃO DE PROPOSTAS
A3: Com ajustes após publicação da Lei n° 13.467, de 2017.
A6: Módulo 1 - Composição da Remuneração
A8: 1 | B8: Composição da Remuneração | C8: Valor (R$)
A9: A | B9: Salário-Base | C9: ='Custo por trabalhador'!B20 -> 3023
A10: B | B10: Adicional de Periculosidade | C10: 0
A11: C | B11: Adicional de Insalubridade | C11: ='Custo por trabalhador'!D52 -> 324.2
A12: D | B12: Adicional Noturno | C12: ='Custo por trabalhador'!E61 -> 0
A13: E | B13: Adicional de Hora Noturna Reduzida | C13: ='Custo por trabalhador'!E75 -> 0
A15: G | B15: Outros (especificar) | C15: ='Custo por trabalhador'!D28 -> 0
A16: Total | C16: =SUM(C9:C15) -> 3347.2
A19: Módulo 2 - Encargos e Benefícios Anuais, Mensais e Diários
A21: Submódulo 2.1 - 13º (décimo terceiro) Salário, Férias e Adicional de Férias
A23: 2.1 | B23: 13º (décimo terceiro) Salário, Férias e Adicional de Férias | C23: Valor (R$)
A24: A | B24: 13º (décimo terceiro) Salário | C24: ='Custo por trabalhador'!D129 -> 278.93333
A25: B | B25: Férias e Adicional de Férias | C25: ='Custo por trabalhador'!D142+'Custo por trabalhador'!E155 -> 371.91111
A26: Total | C26: =SUM(C24:C25) -> 650.84444
A29: Submódulo 2.2 - Encargos Previdenciários (GPS), Fundo de Garantia por Tempo de Serviço (FGTS) e outras contribuições.
A31: 2.2 | B31: GPS, FGTS e outras contribuições | C31: Percentual (%) | D31: Valor (R$)
A32: A | B32: INSS | C32: 0.2 | D32: =(C26+C16)*C32 -> 799.60889
A33: B | B33: Salário Educação | C33: 0.025 | D33: =($C$26+$C$16)*C33 -> 99.951111
A34: C | B34: SAT | C34: ='Custo por trabalhador'!B178 -> 0.03 | D34: =($C$26+$C$16)*C34 -> 119.94133
A35: D | B35: SESC ou SESI | C35: 0.015 | D35: =($C$26+$C$16)*C35 -> 59.970667
A36: E | B36: SENAI - SENAC | C36: 0.01 | D36: =($C$26+$C$16)*C36 -> 39.980444
A37: F | B37: SEBRAE | C37: 0.006 | D37: =($C$26+$C$16)*C37 -> 23.988267
A38: G | B38: INCRA | C38: 0.002 | D38: =($C$26+$C$16)*C38 -> 7.9960889
A39: H | B39: FGTS | C39: 0.08 | D39: =($C$26+$C$16)*C39 -> 319.84356
A40: Total | C40: =SUM(C32:C39) -> 0.368 | D40: =SUM(D32:D39) -> 1471.2804
A43: Submódulo 2.3 - Benefícios Mensais e Diários.
A45: 2.3 | B45: Benefícios Mensais e Diários | C45: Valor (R$)
A46: A | B46: Transporte | C46: ='Custo por trabalhador'!D264 -> 38.62
A47: B | B47: Auxílio-Refeição/Alimentação | C47: ='Custo por trabalhador'!D304 -> 720
A48: C | B48: ='Custo por trabalhador'!D323 -> Auxílio Saúde | C48: ='Custo por trabalhador'!B319 -> 94.5
A49: D | B49: ='Custo por trabalhador'!E323 -> Benefício Social Familiar | C49: ='Custo por trabalhador'!C319 -> 31
A50: E | B50: ='Custo por trabalhador'!F323 -> Fundo de Formação Profissional | C50: ='Custo por trabalhador'!D319 -> 31
A51: Total | C51: =SUM(C46:C50) -> 915.12
A54: Quadro-Resumo do Módulo 2 - Encargos e Benefícios anuais, mensais e diários
A56: 2 | B56: Encargos e Benefícios Anuais, Mensais e Diários | C56: Valor (R$)
A57: 2.1 | B57: 13º (décimo terceiro) Salário, Férias e Adicional de Férias | C57: =C26 -> 650.84444
A58: 2.2 | B58: GPS, FGTS e outras contribuições | C58: =D40 -> 1471.2804
A59: 2.3 | B59: Benefícios Mensais e Diários | C59: =C51 -> 915.12
A60: Total | C60: =SUM(C57:C59) -> 3037.2448
A63: Módulo 3 - Provisão para Rescisão
A65: 3 | B65: Provisão para Rescisão | C65: Valor (R$)
A66: A | B66: Aviso Prévio Indenizado e multa do FGTS | C66: ='Custo por trabalhador'!D401 -> 166.77831
A67: B | B67: Aviso Prévio Trabalhado e multa do FGTS | C67: ='Custo por trabalhador'!D443 -> 238.51808
A68: C | B68: Reversão de provisões – demissão com justa causa | C68: ='Custo por trabalhador'!D472 -> -6.5084444
A69: Total | C69: =SUM(C66:C68) -> 398.78795
A72: Módulo 4 - Custo de Reposição do Profissional Ausente
A75: Submódulo 4.1 - Ausências Legais
A77: 4.1 | B77: Ausências Legais | C77: Valor (R$)
A78: A | B78: Férias | C78: ='Custo por trabalhador'!G497*'Custo por trabalhador'!D540/12 -> 394.91424
A79: B | B79: Ausências Legais | C79: ='Custo por trabalhador'!D540*'Custo por trabalhador'!C498/12 -> 18.842313
A80: C | B80: Licença-Paternidade | C80: ='Custo por trabalhador'!D540*'Custo por trabalhador'!G506/12 -> 3.764849
A81: D | B81: Ausência por acidente de trabalho | C81: ='Custo por trabalhador'!D540*'Custo por trabalhador'!G499/12 -> 18.205546
A82: E | B82: Afastamento Maternidade | C82: ='Custo por trabalhador'!D540*'Custo por trabalhador'!G507/12 -> 46.678863
A83: F | B83: Outros (especificar) | C83: ='Custo por trabalhador'!E545-C78-C79-C80-C81-C82 -> -104.70261
A84: Total | C84: =SUM(C78:C83) -> 377.7032
A87: Submódulo 4.2 - Intrajornada
A89: 4.2 | B89: Intrajornada | C89: Valor (R$)
A90: A | B90: Intervalo para repouso e alimentação | C90: ='Custo por trabalhador'!D574 -> 0
A91: Total | C91: =SUM(C90) -> 0
A94: Quadro-Resumo do Módulo 4 - Custo de Reposição do Profissional Ausente
A96: 4 | B96: Custo de Reposição do Profissional Ausente | C96: Valor (R$)
A97: 4.1 | B97: Ausências Legais | C97: =C84 -> 377.7032
A98: 4.2 | B98: Intrajornada | C98: =C91 -> 0
A99: Total | C99: =SUM(C97:C98) -> 377.7032
A102: Módulo 5 - Insumos Diversos
A104: 5 | B104: Insumos Diversos | C104: Valor (R$)
A105: A | B105: Uniformes | C105: ='Custo por trabalhador'!C619 -> 19.7975
A106: B | B106: Materiais | C106: 0
A107: C | B107: CUSTO MENSAL DE EPIs E INSUMOS DE USO INDIVIDUAL | C107: ='Custo por trabalhador'!D642 -> 0
A108: D | B108: Outros (especificar) | C108: 0
A109: Total | C109: =SUM(C105:C108) -> 19.7975
A112: Módulo 6 - Custos Indiretos, Tributos e Lucro
A114: 6 | B114: Custos Indiretos, Tributos e Lucro | C114: Percentual (%) | D114: Valor (R$)
A115: A | B115: Custos Indiretos | C115: ='Custo por trabalhador'!B661 -> 0.03 | D115: ='Custo por trabalhador'!B675*'I SUPERVISOR UPA'!C115 -> 220.75269
A116: B | B116: Lucro | C116: ='Custo por trabalhador'!B663 -> 0.0679 | D116: ='Custo por trabalhador'!J697*'Custo por trabalhador'!B663 -> 587.74101
A117: C | B117: Tributos | C117: ='Custo por trabalhador'!B662 -> 0.0565 | D117: ='Custo por trabalhador'!J697*'I SUPERVISOR UPA'!C117 -> 489.06285
B118: C.1. Tributos Federais (PIS | C118: 0.0065 | D118: ='Custo por trabalhador'!J697*0.65% -> 56.263867
B119: C.2. Tributos Federais (COFINS | C119: 0.03 | D119: ='Custo por trabalhador'!J697*3% -> 259.67939
B120: C.3. Tributos Municipais (ISSQN) | C120: 0.02 | D120: ='Custo por trabalhador'!J697*2% -> 173.11959
A121: Total | D121: =SUM(D115:D117) -> 1297.5565
A124: 2. QUADRO-RESUMO DO CUSTO POR EMPREGADO
B126: Mão de obra vinculada à execução contratual (valor por empregado) | C126: Valor (R$)
A127: A | B127: Módulo 1 - Composição da Remuneração | C127: =C16 -> 3347.2
A128: B | B128: Módulo 2 - Encargos e Benefícios Anuais, Mensais e Diários | C128: =C60 -> 3037.2448
A129: C | B129: Módulo 3 - Provisão para Rescisão | C129: =C69 -> 398.78795
A130: D | B130: Módulo 4 - Custo de Reposição do Profissional Ausente | C130: =C99 -> 377.7032
A131: E | B131: Módulo 5 - Insumos Diversos | C131: =C109 -> 19.7975
A132: Subtotal (A + B +C+ D+E) | C132: =SUM(C127:C131) -> 7180.7334
A133: F | B133: Módulo 6 – Custos Indiretos, Tributos e Lucro | C133: =D121 -> 1297.5565
A134: Valor Total por Empregado | C134: =C132+C133 -> 8478.29

Sheet J SUPERVISOR DEMAIS UNIDADES
A1: PLANILHA DE CUSTOS E FORMAÇÃO DE PREÇOS
A2: MODELO PARA A CONSOLIDAÇÃO E APRESENTAÇÃO DE PROPOSTAS
A3: Com ajustes após publicação da Lei n° 13.467, de 2017.
A6: Módulo 1 - Composição da Remuneração
A8: 1 | B8: Composição da Remuneração | C8: Valor (R$)
A9: A | B9: Salário-Base | C9: ='Custo por trabalhador'!B21 -> 3023
A10: B | B10: Adicional de Periculosidade | C10: 0
A11: C | B11: Adicional de Insalubridade | C11: ='Custo por trabalhador'!D53 -> 324.2
A12: D | B12: Adicional Noturno | C12: ='Custo por trabalhador'!E61 -> 0
A13: E | B13: Adicional de Hora Noturna Reduzida | C13: ='Custo por trabalhador'!E75 -> 0
A15: G | B15: Outros (especificar) | C15: ='Custo por trabalhador'!D28 -> 0
A16: Total | C16: =SUM(C9:C15) -> 3347.2
A19: Módulo 2 - Encargos e Benefícios Anuais, Mensais e Diários
A21: Submódulo 2.1 - 13º (décimo terceiro) Salário, Férias e Adicional de Férias
A23: 2.1 | B23: 13º (décimo terceiro) Salário, Férias e Adicional de Férias | C23: Valor (R$)
A24: A | B24: 13º (décimo terceiro) Salário | C24: ='Custo por trabalhador'!D130 -> 278.93333
A25: B | B25: Férias e Adicional de Férias | C25: ='Custo por trabalhador'!D143+'Custo por trabalhador'!E156 -> 371.91111
A26: Total | C26: =SUM(C24:C25) -> 650.84444
A29: Submódulo 2.2 - Encargos Previdenciários (GPS), Fundo de Garantia por Tempo de Serviço (FGTS) e outras contribuições.
A31: 2.2 | B31: GPS, FGTS e outras contribuições | C31: Percentual (%) | D31: Valor (R$)
A32: A | B32: INSS | C32: 0.2 | D32: =(C26+C16)*C32 -> 799.60889
A33: B | B33: Salário Educação | C33: 0.025 | D33: =($C$26+$C$16)*C33 -> 99.951111
A34: C | B34: SAT | C34: ='Custo por trabalhador'!B178 -> 0.03 | D34: =($C$26+$C$16)*C34 -> 119.94133
A35: D | B35: SESC ou SESI | C35: 0.015 | D35: =($C$26+$C$16)*C35 -> 59.970667
A36: E | B36: SENAI - SENAC | C36: 0.01 | D36: =($C$26+$C$16)*C36 -> 39.980444
A37: F | B37: SEBRAE | C37: 0.006 | D37: =($C$26+$C$16)*C37 -> 23.988267
A38: G | B38: INCRA | C38: 0.002 | D38: =($C$26+$C$16)*C38 -> 7.9960889
A39: H | B39: FGTS | C39: 0.08 | D39: =($C$26+$C$16)*C39 -> 319.84356
A40: Total | C40: =SUM(C32:C39) -> 0.368 | D40: =SUM(D32:D39) -> 1471.2804
A43: Submódulo 2.3 - Benefícios Mensais e Diários.
A45: 2.3 | B45: Benefícios Mensais e Diários | C45: Valor (R$)
A46: A | B46: Transporte | C46: ='Custo por trabalhador'!D265 -> 38.62
A47: B | B47: Auxílio-Refeição/Alimentação | C47: ='Custo por trabalhador'!D305 -> 720
A48: C | B48: ='Custo por trabalhador'!D323 -> Auxílio Saúde | C48: ='Custo por trabalhador'!B320 -> 94.5
A49: D | B49: ='Custo por trabalhador'!E323 -> Benefício Social Familiar | C49: ='Custo por trabalhador'!C320 -> 31
A50: E | B50: ='Custo por trabalhador'!F323 -> Fundo de Formação Profissional | C50: ='Custo por trabalhador'!D320 -> 31
A51: Total | C51: =SUM(C46:C50) -> 915.12
A54: Quadro-Resumo do Módulo 2 - Encargos e Benefícios anuais, mensais e diários
A56: 2 | B56: Encargos e Benefícios Anuais, Mensais e Diários | C56: Valor (R$)
A57: 2.1 | B57: 13º (décimo terceiro) Salário, Férias e Adicional de Férias | C57: =C26 -> 650.84444
A58: 2.2 | B58: GPS, FGTS e outras contribuições | C58: =D40 -> 1471.2804
A59: 2.3 | B59: Benefícios Mensais e Diários | C59: =C51 -> 915.12
A60: Total | C60: =SUM(C57:C59) -> 3037.2448
A63: Módulo 3 - Provisão para Rescisão
A65: 3 | B65: Provisão para Rescisão | C65: Valor (R$)
A66: A | B66: Aviso Prévio Indenizado e multa do FGTS | C66: ='Custo por trabalhador'!D402 -> 166.77831
A67: B | B67: Aviso Prévio Trabalhado e multa do FGTS | C67: ='Custo por trabalhador'!D444 -> 238.51808
A68: C | B68: Reversão de provisões – demissão com justa causa | C68: ='Custo por trabalhador'!D473 -> -6.5084444
A69: Total | C69: =SUM(C66:C68) -> 398.78795
A72: Módulo 4 - Custo de Reposição do Profissional Ausente
A75: Submódulo 4.1 - Ausências Legais
A77: 4.1 | B77: Ausências Legais | C77: Valor (R$)
A78: A | B78: Férias | C78: ='Custo por trabalhador'!G497*'Custo por trabalhador'!D541/12 -> 394.91424
A79: B | B79: Ausências Legais | C79: ='Custo por trabalhador'!D541*'Custo por trabalhador'!C498/12 -> 18.842313
A80: C | B80: Licença-Paternidade | C80: ='Custo por trabalhador'!D541*'Custo por trabalhador'!G506/12 -> 3.764849
A81: D | B81: Ausência por acidente de trabalho | C81: ='Custo por trabalhador'!D541*'Custo por trabalhador'!G499/12 -> 18.205546
A82: E | B82: Afastamento Maternidade | C82: ='Custo por trabalhador'!D541*'Custo por trabalhador'!G507/12 -> 46.678863
A83: F | B83: Outros (especificar) | C83: ='Custo por trabalhador'!E545-C78-C79-C80-C81-C82 -> -104.70261
A84: Total | C84: =SUM(C78:C83) -> 377.7032
A87: Submódulo 4.2 - Intrajornada
A89: 4.2 | B89: Intrajornada | C89: Valor (R$)
A90: A | B90: Intervalo para repouso e alimentação | C90: ='Custo por trabalhador'!D574 -> 0
A91: Total | C91: =SUM(C90) -> 0
A94: Quadro-Resumo do Módulo 4 - Custo de Reposição do Profissional Ausente
A96: 4 | B96: Custo de Reposição do Profissional Ausente | C96: Valor (R$)
A97: 4.1 | B97: Ausências Legais | C97: =C84 -> 377.7032
A98: 4.2 | B98: Intrajornada | C98: =C91 -> 0
A99: Total | C99: =SUM(C97:C98) -> 377.7032
A102: Módulo 5 - Insumos Diversos
A104: 5 | B104: Insumos Diversos | C104: Valor (R$)
A105: A | B105: Uniformes | C105: ='Custo por trabalhador'!C620 -> 19.7975
A106: B | B106: Materiais | C106: 0
A107: C | B107: CUSTO MENSAL DE EPIs E INSUMOS DE USO INDIVIDUAL | C107: ='Custo por trabalhador'!D643 -> 0
A108: D | B108: Outros (especificar) | C108: 0
A109: Total | C109: =SUM(C105:C108) -> 19.7975
A112: Módulo 6 - Custos Indiretos, Tributos e Lucro
A114: 6 | B114: Custos Indiretos, Tributos e Lucro | C114: Percentual (%) | D114: Valor (R$)
A115: A | B115: Custos Indiretos | C115: ='Custo por trabalhador'!B661 -> 0.03 | D115: ='Custo por trabalhador'!B676*'J SUPERVISOR DEMAIS UNIDADES'!C115 -> 220.75269
A116: B | B116: Lucro | C116: ='Custo por trabalhador'!B663 -> 0.0679 | D116: ='Custo por trabalhador'!K697*'Custo por trabalhador'!B663 -> 587.74101
A117: C | B117: Tributos | C117: ='Custo por trabalhador'!B662 -> 0.0565 | D117: ='Custo por trabalhador'!K697*'J SUPERVISOR DEMAIS UNIDADES'!C117 -> 489.06285
B118: C.1. Tributos Federais (PIS | C118: 0.0065 | D118: ='Custo por trabalhador'!K697*0.65% -> 56.263867
B119: C.2. Tributos Federais (COFINS | C119: 0.03 | D119: ='Custo por trabalhador'!K697*3% -> 259.67939
B120: C.3. Tributos Municipais (ISSQN) | C120: 0.02 | D120: ='Custo por trabalhador'!K697*2% -> 173.11959
A121: Total | D121: =SUM(D115:D117) -> 1297.5565
A124: 2. QUADRO-RESUMO DO CUSTO POR EMPREGADO
B126: Mão de obra vinculada à execução contratual (valor por empregado) | C126: Valor (R$)
A127: A | B127: Módulo 1 - Composição da Remuneração | C127: =C16 -> 3347.2
A128: B | B128: Módulo 2 - Encargos e Benefícios Anuais, Mensais e Diários | C128: =C60 -> 3037.2448
A129: C | B129: Módulo 3 - Provisão para Rescisão | C129: =C69 -> 398.78795
A130: D | B130: Módulo 4 - Custo de Reposição do Profissional Ausente | C130: =C99 -> 377.7032
A131: E | B131: Módulo 5 - Insumos Diversos | C131: =C109 -> 19.7975
A132: Subtotal (A + B +C+ D+E) | C132: =SUM(C127:C131) -> 7180.7334
A133: F | B133: Módulo 6 – Custos Indiretos, Tributos e Lucro | C133: =D121 -> 1297.5565
A134: Valor Total por Empregado | C134: =C132+C133 -> 8478.29
